 Dungeon Crawl Stone Soup version 0.31-a0-264-ga0b03e459d (webtiles) character file.

Game seed: 8286317919175472052

439057 qw the Conqueror (level 22, -20/233 HPs)
             Began as a Minotaur Hexslinger on July 13, 2023.
             Was an Elder of Okawaru.
             Killed from afar by an orb of fire (30 damage)
             ... with a bolt of fire
             ... on level 4 of the Depths.
             The game lasted 00:25:43 (46748 turns).

qw the Conqueror (Minotaur Hexslinger)             Turns: 46748, Time: 00:25:43

Health: -20/233    AC: 21    Str: 22    XL:     22   Next: 67%
Magic:  29/29      EV: 44    Int: 10    God:    Okawaru [****..]
Gold:   84         SH:  0    Dex: 29    Spells: 22/23 levels left

rFire   + . .        B - +6 longbow (heavy)
rCold   + . .        (shield currently unavailable)
rNeg    . . .        k - +2 ring mail "Fehoukk" {Regen+ Dex+2}
rPois   .            C - +2 hat {SInv}
rElec   .            A - scarf {rC+ rF+}
rCorr   .            D - +2 pair of gloves
SInv    +            c - +0 pair of boots of the Shrinking Gods {-Cast Str+6 Slay+5 Stlth+}
Will    +....        x - amulet of faith
Stlth   ++++         w - +6 ring of dexterity
HPRegen 1.38/turn    o - +5 ring of evasion
MPRegen 0.21/turn

%: no spellcasting, faith
@: heroic, unable to read
A: horns 2, retaliatory headbutt, inability to read after injury 1, noise
suppression
}: 3/15 runes: decaying, silver, gossamer
a: Renounce Religion, Heroism, Finesse


You were on level 4 of the Depths.
You worshipped Okawaru.
Okawaru was greatly pleased with you.
You visited 9 branches of the dungeon, and saw 41 of its levels.
You visited 1 bazaar.
You also visited: Sewer, Ossuary and Gauntlet.

You collected 5541 gold pieces.
You spent 5457 gold pieces at shops.


Innate Abilities, Weirdness & Mutations

You have a pair of horns on your head.
You reflexively headbutt those who attack you in melee.
You occasionally lose the ability to read scrolls when taking damage.
You passively dampen the noise of your surroundings.


   Skills:
 O Level 27 Fighting
 - Level 22.0(27) Ranged Weapons
 + Level 20.8(25.8) Armour
 - Level 22.0(27) Dodging
 - Level 1.0 Spellcasting
 - Level 2.0 Hexes
 - Level 11.3 Invocations


You had 22 spell levels left.
You knew the following spells:

 Your Spells              Type           Power      Damage    Failure   Level
a - Slow                  Hex            16%        N/A       19%         1

Your spell library contained the following spells:

 Spells                   Type           Power      Damage    Failure   Level
 Inner Flame              Hex/Fire       2%         N/A       63%         3
 Portal Projectile        Hex/Tloc       4%         N/A       63%         3
 Cause Fear               Hex            2%         N/A       88%         4

Inventory:

Hand Weapons
 g - the +7 orcbow "Mouckapu" {heavy, rF+ Will+ Str+3}
   (You found it on level 3 of the Depths)

   Str:       It affects your strength (+3).
   rF:        It protects you from fire.
   Will:      It increases your willpower.
 B - a +6 heavy longbow (weapon)
Armour
 c - the +0 pair of boots of the Shrinking Gods (worn) {-Cast Str+6 Slay+5 Stlth+}
   (You acquired it on level 2 of the Dungeon)

   Str:       It affects your strength (+6).
   Slay:      It affects your accuracy & damage with ranged weapons and melee
   (+5).
   -Cast:     It prevents spellcasting.
   Stlth:     It makes you more stealthy.
 h - a +2 cloak
 k - the +2 ring mail "Fehoukk" (worn) {Regen+ Dex+2}
   (You found it on level 1 of the Vaults)

   Dex:       It affects your dexterity (+2).
   Regen:     It increases your rate of health regeneration.
 s - a +4 ring mail of fire resistance
 v - the +1 hat "Polateung" {rC+++}
   (Okawaru gifted it to you on level 1 of the Depths)

   rC:        It renders you almost immune to cold.
 A - a scarf of resistance (worn)
 C - a +2 hat of see invisible (worn)
 D - a +2 pair of gloves (worn)
Jewellery
 o - a +5 ring of evasion (right hand)
 u - the ring "Ompaogak" {Fire Int+3 Dex+2}
   (You found it on level 5 of the Vaults)

   [ring of fire]

   It enhances your fire magic.
   Int:       It affects your intelligence (+3).
   Dex:       It affects your dexterity (+2).
   rF:        It protects you from fire.
   rC:        It makes you vulnerable to cold.
 w - a +6 ring of dexterity (left hand)
 x - an amulet of faith (around neck)
 F - the amulet of the Open Hand {Regen+ Int+4 Slay+3}
   (You found it on level 2 of the Depths)

   [amulet of regeneration]

   Int:       It affects your intelligence (+4).
   Slay:      It affects your accuracy & damage with ranged weapons and melee
   (+3).
   Regen:     It increases your rate of health regeneration.
 I - the ring of Ywnaopsa {Ice Str+6 Slay+3}
   (You found it on level 2 of the Depths)

   [ring of ice]

   It enhances your ice magic.
   Str:       It affects your strength (+6).
   Slay:      It affects your accuracy & damage with ranged weapons and melee
   (+3).
   rF:        It makes you vulnerable to fire.
   rC:        It protects you from cold.
 Y - the ring of Kuxiuk {Ice Str-2 Dex+5 Stlth+}
   (You found it in a Gauntlet)

   [ring of ice]

   It enhances your ice magic.
   Str:       It affects your strength (-2).
   Dex:       It affects your dexterity (+5).
   rF:        It makes you vulnerable to fire.
   rC:        It protects you from cold.
   Stlth:     It makes you more stealthy.
Wands
 y - a wand of digging (10)
Scrolls
 a - 7 scrolls of enchant armour
 d - 4 scrolls of identify
 i - a scroll of brand weapon
 n - 9 scrolls of teleportation
Potions
 b - 23 potions of curing
 f - 9 potions of might
 j - 12 potions of haste
 m - 7 potions of enlightenment
 r - 9 potions of mutation
 t - a potion of magic

Dungeon Overview and Level Annotations

Branches:
Dungeon (15/15)            Temple (1/1) D:7            Lair (5/5) D:9
  Swamp (4/4) Lair:3       Spider (4/4) Lair:3        Slime (0/5) Lair:4
    Orc (2/2) D:10            Elf (0/3) Orc:2        Vaults (5/5) D:14
  Crypt (0/3) Vaults:2     Depths (4/4) D:15            Zot (1/5) Depths:4
  Sewer (visited)         Ossuary (visited)         Gauntlet (visited)

Altars:
Ashenzari
Cheibriados
Dithmenos
Elyvilon
Fedhas
Gozag
Hepliaklqana
Kikubaaqudgha
Makhleb
Nemelex Xobeh
Okawaru
Qazlal
Ru
Sif Muna
Trog
Uskayaw
Vehumet
Wu Jian
Xom
Yredelemnul
Zin
The Shining One
Jiyva

Shops:
D:6 (   D:7 *(   D:10 :   D:14 *   Orc:2 =*?([   Vaults:4 =   Depths:1 [
Depths:2 =:=

Portals:
Hell: Depths:1 Depths:2 Depths:3 Depths:4
Abyss: Depths:3
Pandemonium: Depths:2 Depths:4
Ziggurat: Depths:4

Annotations:
D:5 2 transporters, qw's ghost, novice MiHs
D:8 2 runed translucent doors, qw's ghost, novice MiHs
Spider:3 1 runed translucent door, Taocaav's ghost, adept CeHu
Spider:4 1 runed translucent door, qw's ghost, adept GrHs


Message History

The bolt of fire misses you.
You shoot an arrow.
The arrow hits the curse toe but does no damage.
The curse toe is almost destroyed.
You shoot an arrow.
The arrow hits the curse toe but does no damage.
The curse toe is almost destroyed.
You shoot an arrow. The arrow hits the curse toe!!
You destroy the curse toe!
Okawaru accepts your kill.
The deathcap disappears in a puff of smoke!
The wandering mushroom disappears in a puff of smoke!
The deathcap disappears in a puff of smoke!
The orb of fire glows deep purple.
The fireball explodes!
The fireball engulfs you!! You resist.
The fireball engulfs the orb of fire.
The orb of fire completely resists.
46743 ||| DRINKING 2 potions of heal wounds.
You feel much better.
The orb of fire glows yellow.
The fireball explodes!
The fireball engulfs you!! You resist.
The fireball engulfs the orb of fire.
The orb of fire completely resists.
46744 ||| DRINKING potion of heal wounds.
You feel much better.
The orb of fire glows deep purple.
The fireball explodes!
The fireball engulfs you!! You resist.
The fireball engulfs the orb of fire.
The orb of fire completely resists.
You shoot an arrow. The arrow misses the orb of fire.
You shoot an arrow.
The arrow completely misses the orb of fire.
The orb of fire glows yellow.
The fireball explodes!
The fireball engulfs you!!! You resist.
The fireball engulfs the orb of fire.
The orb of fire completely resists.
You shoot an arrow. The arrow hits the orb of fire!!
The orb of fire is lightly damaged.
You shoot an arrow.
The arrow hits the orb of fire but does no damage.
The orb of fire is lightly damaged.
The orb of fire glows red.
The bolt of fire hits you!! You resist.
You die...

.....# #.).##.#.###.#.. ....##
##### ##...###.# #.#.) ##'##
##...## ##...##.# #.#.. ...#
##.....## #...##.###.#.\ #..#
####.......###...##.....#^. #..#
#..)..###..##...#######.### ...#
#.##.## ##\#\..##.......... #.##
#.##############[###.......
#.#####..##.##..@#\#####.#.......
#..........##..*##..###).).......
#..####.####...###.......#.......
#..####.####...# ##.....#######'#
...........#...#####...## #.#
######..#####...##.##### ##.#
######..# ##...##.# #...
....##### ###[###.# #### ....#
#...# #.#


You could see an orb of fire.

Vanquished Creatures
  An ancient lich (Vaults:5)
  Mara (Swamp:4)
  3 juggernauts (Depths:2)
  Margery (Vaults:5)
  A curse toe (Depths:4)
  5 golden dragons
  A bone dragon (Depths:4)
  3 hellephants (Depths:1)
  Rupert (D:15)
  4 tentacled monstrosities
  Asterion (Spider:4)
  4 liches
  A quicksilver dragon (Vaults:5)
  3 titans (Vaults:5)
  2 ancient champions (Vaults:2)
  4 sphinxes
  3 tengu reavers
  Kirke (D:15)
  Donald (Spider:1)
  A storm dragon (Vaults:5)
  A draconian monk (Depths:4)
  12 fire giants
  A fenstrider witch (Swamp:4)
  3 shadow dragons (Vaults:5)
  An azure jelly (Swamp:4)
  11 vault wardens
  2 draconian scorchers (Depths:4)
  4 frost giants
  An emperor scorpion (Spider:3)
  2 iron dragons
  A deep elf sorcerer (Vaults:5)
  Louise (Spider:1)
  2 ghost moths
  5 orc warlords
  18 very ugly things
  2 war gargoyles (Vaults:5)
  A spriggan defender (Depths:2)
  3 broodmothers
  A formless jellyfish (Vaults:1)
  11 ironbound thunderhulks
  11 ironbound preservers
  10 stone giants
  A deep elf demonologist (Vaults:4)
  A black draconian (Depths:4)
  3 vampire knights
  A purple draconian (Depths:4)
  Azrael (D:15)
  4 dire elephants (Vaults:2)
  4 eleionomae
  2 white draconians (Depths:4)
  A red draconian (Depths:4)
  A minotaur (Gauntlet)
  11 spark wasps
  2 bunyips
  A yellow draconian (Depths:4)
  Snorg (D:13)
  A merfolk impaler (Depths:2)
  An eidolon (Vaults:2)
  Josephine (Spider:1)
  9 ettins
  14 fire dragons
  14 yaktaur captains
  7 entropy weavers
  10 great orbs of eyes
  10 ice dragons
  A deep elf high priest (Depths:4)
  5 rakshasas
  Fannar (Orc:1)
  7 ironbound frosthearts
  13 hydras
  3 ogre magi
  32 vault guards
  5 spriggan air magi
  Erica (D:8)
  A ghost crab (Swamp:2)
  A catoblepas (Lair:3)
  2 jorogumos
  5 radroaches
  13 boulder beetles
  23 centaur warriors
  7 alligators
  10 deep troll earth magi
  5 deep troll shamans
  7 tengu warriors
  A vampire mage (Depths:2)
  15 two-headed ogres
  An orc high priest (Orc:2)
  8 hell hogs (Depths:1)
  14 hell knights
  7 spriggan berserkers
  A two-headed ogre (shapeshifter) (Vaults:5)
  12 demonic crawlers
  14 spriggans
  Nergalle (Orc:2)
  5 goliath frogs
  6 pharaoh ants
  A sun moth (Spider:1)
  6 swamp dragons
  7 iron trolls
  4 spriggan druids
  A bog body (Swamp:2)
  2 flayed ghosts
  32 deep trolls
  3 glowing orange brains
  9 orb spiders
  2 lindwurms (Vaults:3)
  10 steelbarb worms
  2 deep elf pyromancers
  9 wizards
  14 ironbound convokers
  Pikel (D:8)
  3 phantasmal warriors (Vaults:5)
  A mana viper (shapeshifter) (Vaults:5)
  8 necromancers
  17 wolf spiders
  9 orc knights
  32 ugly things
  A large abomination (Gauntlet)
  4 manticores
  2 orc sorcerers
  4 moths of wrath
  5 will-o-the-wisps
  4 elephants (Lair:1)
  Maurice (D:8)
  10 cyclopes
  19 vault sentinels
  9 black mambas
  An ice statue (Vaults:2)
  A guardian serpent (Lair:5)
  A gargoyle (D:12)
  16 cane toads
  10 torpor snails
  A rime drake (D:14)
  An unseen horror (shapeshifter) (Vaults:5)
  15 yaktaurs
  An unseen horror (D:10)
  8 freezing wraiths
  9 komodo dragons
  8 unseen horror zombies
  An efreet (D:15)
  A kobold demonologist (D:13)
  2 bloated husks
  A queen bee (shapeshifter) (Depths:2)
  7 meliai (Spider:4)
  A hellwing (Depths:2)
  15 hornets
  10 trolls
  11 polar bears
  4 tyrant leeches
  A raiju (Lair:5)
  24 tarantellas
  A raiju (shapeshifter) (D:15)
  30 blink frogs
  43 slime creatures
  A dream sheep (Lair:5)
  2 centaur simulacra
  36 jumping spiders
  A shadow (D:10)
  3 water elementals
  44 yaks
  16 culicivoras
  2 vampires
  A human (D:15)
  6 wraiths
  5 hogs (D:15)
  24 wyverns
  11 basilisks
  A chaos spawn (Depths:4)
  A human (shapeshifter) (Vaults:5)
  4 swamp worm simulacra (Swamp:4)
  A steam dragon (D:6)
  2 fire elementals (D:15)
  24 vampire mosquitoes
  59 redbacks
  15 wargs
  23 swamp worms
  2 acid dragons
  12 hydra simulacra (Swamp:4)
  5 small abominations (Gauntlet)
  24 water moccasins
  2 floating eyes (shapeshifter)
  18 hell hounds
  15 black bears
  2 floating eyes
  4 ice beasts (D:11)
  32 orc warriors
  A sky beast (D:7)
  A hornet zombie (D:9)
  18 ogres
  16 wolves
  13 centaurs
  2 lemures (D:8)
  8 kobold brigands
  2 phantoms (D:6)
  2 elf zombies (Ossuary)
  13 bullfrogs
  6 gnoll sergeants
  4 scorpions
  4 necrophages (D:8)
  2 wyvern zombies
  19 wights
  4 killer bees
  6 howler monkeys
  8 electric eels
  5 centaur zombies (D:9)
  A human zombie (D:8)
  19 jellies
  9 orc priests
  2 hounds
  A sleepcap (D:8)
  6 iguanas
  20 orc wizards
  16 hell rats
  2 killer bee zombies (D:9)
  4 howler monkey zombies
  4 mummies
  23 gnolls
  4 adders
  A river rat (Sewer)
  A white imp (D:8)
  An ufetubus (D:6)
  4 swamp drake simulacra (Swamp:4)
  3 adder zombies (Ossuary)
  3 worms
  4 dart slugs
  61 orcs
  13 ball pythons
  5 endoplasms
  4 giant cockroaches
  5 goblins
  7 hobgoblins
  5 jackals
  25 kobolds
  5 quokkas
  3 bats
  A frilled lizard (D:1)
  3 goblin zombies
  11 hobgoblin zombies (Ossuary)
  15 kobold zombies (Ossuary)
  4 orc zombies
  9 rats
1766 creatures vanquished.

Vanquished Creatures (others)
  A pharaoh ant (Spider:3)
  2 foxfires (Swamp:1)
3 creatures vanquished.

Grand Total: 1769 creatures vanquished

Notes
Turn   | Place    | Note
-------+----------+-------------------------------------------
     0 | D:1      | qw the Minotaur Hexslinger began the quest for the Orb.
     0 | D:1      | Reached XP level 1. HP: 16/16 MP: 1/1
     0 | D:1      | 0 ||| qw: Version: 0.3-a-52-g30416fa
     0 | D:1      | 0 ||| qw: Game counter: 7559
     0 | D:1      | 0 ||| qw: Melee chars always use a shield: true
     0 | D:1      | 0 ||| qw: God list: Okawaru
     0 | D:1      | 0 ||| qw: Allow faded altars: false
     0 | D:1      | 0 ||| qw: Do Orc after clearing Dungeon:15 true
     0 | D:1      | 0 ||| qw: Do second Lair branch before Depths: true
     0 | D:1      | 0 ||| qw: Lair rune preference: random
     0 | D:1      | 0 ||| qw: Goals: Normal
     0 | D:1      | 0 ||| PLANNING D:1-11
   212 | D:1      | Reached skill level 3 in Ranged Weapons
   226 | D:1      | Reached XP level 2. HP: 23/23 MP: 2/2
   293 | D:1      | Reached skill level 2 in Fighting
   519 | D:1      | 519 ||| FLEEEEING.
   521 | D:1      | 521 ||| FLEEEEING.
   522 | D:1      | 522 ||| FLEEEEING.
   524 | D:1      | 524 ||| FLEEEEING.
   525 | D:1      | 525 ||| FLEEEEING.
   526 | D:1      | 526 ||| FLEEEEING.
   532 | D:1      | 532 ||| FLEEEEING.
   533 | D:1      | 533 ||| FLEEEEING.
   534 | D:1      | 534 ||| FLEEEEING.
   535 | D:1      | 535 ||| FLEEEEING.
   536 | D:1      | 536 ||| FLEEEEING.
   767 | D:1      | 767 ||| UPGRADING to +0 leather armour.
   777 | D:1      | 777 ||| DROPPING +0 robe.
   778 | D:1      | 778 ||| UPGRADING to +0 cloak.
   783 | D:1      | 783 ||| UPGRADING to +0 pair of boots.
   788 | D:1      | 788 ||| UPGRADING to ring of protection from cold.
   789 | D:1      | 789 ||| READING scroll labelled SITOHO FEKH.
   790 | D:1      | 790 ||| DROPPING scroll of poison.
   846 | D:2      | Found a glowing golden altar of the Shining One.
   859 | D:2      | Reached XP level 3. HP: 24/29 MP: 3/3
  1483 | D:2      | 1483 ||| UPGRADING to +0 ring mail.
  1493 | D:2      | 1493 ||| DROPPING +0 leather armour.
  1494 | D:2      | 1494 ||| READING scroll labelled VIEGHAFF DUPIGE.
  1494 | D:2      | Identified a scroll of acquirement
  1494 | D:2      | 1494 ||| ACQUIRING +0 pair of boots of the Shrinking Gods
                  | {-Cast Str+6 Slay+5 Stlth+}
  1494 | D:2      | Acquired the +0 pair of boots of the Shrinking Gods {-Cast
                  | Str+6 Slay+5 Stlth+}
  1496 | D:2      | 1496 ||| UPGRADING to +0 pair of boots of the Shrinking
                  | Gods {-Cast Str+6 Slay+5 Stlth+}.
  1506 | D:2      | 1506 ||| DROPPING +0 pair of boots.
  1507 | D:2      | 1507 ||| READING scroll labelled PIDIBBUSEE.
  1508 | D:2      | 1508 ||| READING scroll labelled EBOLOA XIMEOFY.
  1509 | D:2      | 1509 ||| DRINKING 2 golden potions.
  1582 | D:3      | Reached skill level 1 in Armour
  1590 | D:3      | Reached XP level 4. HP: 32/36 MP: 4/4
  1939 | D:3      | Found a faded altar of an unknown god.
  1991 | D:3      | Found a stormy altar of Qazlal.
  2338 | D:3      | 2338 ||| READING 2 scrolls labelled RAUFYE VIME.
  2339 | D:3      | 2339 ||| READING scroll labelled MAMIGR KATHROTE.
  2340 | D:3      | 2340 ||| READING scroll labelled WOCATH BUIG.
  2514 | D:4      | Reached skill level 3 in Fighting
  2514 | D:4      | Reached XP level 5. HP: 45/45 MP: 5/5
  2538 | D:4      | Noticed an ogre
  2544 | D:4      | Killed an ogre
  2545 | D:4      | 2545 ||| FLEEEEING.
  2546 | D:4      | 2546 ||| FLEEEEING.
  2547 | D:4      | 2547 ||| STAIRDANCE
  2602 | D:4      | Reached skill level 6 in Ranged Weapons
  2620 | D:4      | Reached skill level 4 in Fighting
  2620 | D:4      | Reached XP level 6. HP: 49/52 MP: 6/6
  2821 | D:4      | 2821 ||| READING scroll labelled HEOREI UNOOJUV.
  2831 | D:5      | Entered Level 5 of the Dungeon
  2832 | D:5      | 2832 ||| PLANNING SEWER
  2840 | D:5      | 2840 ||| STAIRDANCE
  2849 | D:4      | HP: 13/52 [poisoned by a scorpion]
  2994 | D:5      | 2994 ||| STAIRDANCE
  3079 | D:5      | 3079 ||| Stepping ~*~*~tactically~*~*~ (outnumbered).
  3088 | D:5      | Reached XP level 7. HP: 54/59 MP: 7/7
  3287 | D:5      | Found a glowing drain.
  3288 | D:5      | 3288 ||| DRINKING 2 fuming orange potions.
  3289 | D:5      | 3289 ||| DROPPING potion of brilliance.
  3329 | Sewer    | Entered a sewer
  3384 | Sewer    | 3384 ||| Stepping ~*~*~tactically~*~*~ (water).
  3400 | Sewer    | Reached skill level 5 in Fighting
  3412 | Sewer    | HP: 15/61 [poisoned by a kobold]
  3590 | Sewer    | Found a white marble altar of Elyvilon.
  3632 | D:5      | 3632 ||| PLANNING D:1-11
  3649 | D:5      | Found a transporter.
  3663 | D:5      | Noticed qw's ghost (novice MiHs)
  3673 | D:5      | Found a transporter.
  3763 | D:5      | Reached XP level 8. HP: 34/69 MP: 8/8
  3771 | D:5      | 3771 ||| FLEEEEING.
  3779 | D:5      | 3779 ||| STAIRDANCE
  3876 | D:4      | 3876 ||| READING scroll labelled OBYMOWNO JURU.
  3877 | D:4      | 3877 ||| READING 2 scrolls of identify.
  3877 | D:4      | 3877 ||| IDENTIFYING red potion
  3889 | D:5      | Reached skill level 9 in Ranged Weapons
  3913 | D:5      | 3913 ||| SWAPPING to +0 shortbow.
  3916 | D:5      | 3916 ||| DROPPING +1 sling.
  3981 | D:6      | 3981 ||| PLANNING OSSUARY
  4019 | D:6      | Reached skill level 3 in Dodging
  4094 | D:6      | Reached skill level 6 in Fighting
  4103 | D:6      | Found a sand-covered staircase.
  4107 | D:6      | 4107 ||| UPGRADING to ring of poison resistance.
  4108 | D:6      | 4108 ||| DRINKING 2 lumpy coppery potions.
  4109 | D:6      | 4109 ||| READING 2 scrolls of identify.
  4109 | D:6      | 4109 ||| IDENTIFYING fuming blue potion
  4110 | D:6      | 4110 ||| DROPPING potion of attraction.
  4114 | Ossuary  | Entered an ossuary
  4399 | Ossuary  | 4399 ||| DRINKING 2 glowing red potions.
  4400 | Ossuary  | 4400 ||| DRINKING 2 fizzy emerald potions.
  4400 | Ossuary  | Gained mutation: You passively dampen the noise of your
                  | surroundings. [potion of mutation]
  4400 | Ossuary  | Gained mutation: You possess an exceptional clarity of
                  | mind. [potion of mutation]
  4401 | Ossuary  | 4401 ||| READING 2 scrolls of identify.
  4401 | Ossuary  | 4401 ||| IDENTIFYING coppery potion
  4402 | Ossuary  | 4402 ||| DROPPING potion of magic.
  4403 | Ossuary  | 4403 ||| DROPPING potion of lignification.
  4418 | D:6      | 4418 ||| PLANNING D:1-11
  4481 | D:6      | Reached skill level 3 in Armour
  4504 | D:6      | Found a hide-covered altar of Uskayaw.
  4608 | D:6      | Reached skill level 7 in Fighting
  4639 | D:6      | 4639 ||| SWAPPING to +0 orcbow.
  4640 | D:6      | 4640 ||| DROPPING +0 shortbow.
  4809 | D:6      | Found Rymeumah's Antique Weapon Emporium.
  4945 | D:6      | 4945 ||| READING scroll labelled OZUMEPO PO SYU.
  4946 | D:6      | 4946 ||| READING 2 scrolls labelled HOYRED PETRY.
  5055 | D:6      | 5055 ||| READING 2 scrolls of identify.
  5055 | D:6      | 5055 ||| IDENTIFYING puce potion
  5056 | D:6      | 5056 ||| DROPPING potion of ambrosia.
  5057 | D:6      | 5057 ||| DROPPING scroll of torment.
  5078 | D:7      | 5078 ||| STAIRDANCE
  5113 | D:7      | 5113 ||| STAIRDANCE
  5143 | D:7      | 5143 ||| STAIRDANCE
  5201 | D:7      | 5201 ||| STAIRDANCE
  5261 | D:7      | 5261 ||| STAIRDANCE
  5265 | D:6      | Reached XP level 9. HP: 39/79 MP: 9/9
  5516 | D:7      | Found Yheal's Antique Weapon Shoppe.
  5527 | D:7      | Found Wuris's Gadget Gallery.
  5585 | D:7      | Found a shimmering altar of Xom.
  5701 | D:7      | Found a staircase to the Ecumenical Temple.
  5702 | D:7      | 5702 ||| PLANNING TEMPLE
  5706 | D:7      | 5706 ||| UPGRADING to amulet of reflection.
  5717 | Temple   | Entered the Ecumenical Temple
  5764 | Temple   | 5764 ||| PLANNING OKAWARU WORSHIP
  5928 | Temple   | Became a worshipper of Warmaster Okawaru
  5929 | Temple   | 5929 ||| PLANNING D:1-11
  6046 | D:7      | Reached skill level 12 in Ranged Weapons
  6085 | D:7      | 6085 ||| Stepping ~*~*~tactically~*~*~ (outnumbered).
  6089 | D:7      | 6089 ||| Stepping ~*~*~tactically~*~*~ (outnumbered).
  6093 | D:7      | 6093 ||| Stepping ~*~*~tactically~*~*~ (outnumbered).
  6095 | D:7      | 6095 ||| Stepping ~*~*~tactically~*~*~ (outnumbered).
  6097 | D:7      | 6097 ||| Stepping ~*~*~tactically~*~*~ (outnumbered).
  6098 | D:7      | 6098 ||| Stepping ~*~*~tactically~*~*~ (outnumbered).
  6165 | D:8      | Noticed Maurice
  6178 | D:8      | Killed Maurice
  6178 | D:8      | Reached * piety under Okawaru
  6179 | D:8      | Reached skill level 8 in Fighting
  6295 | D:8      | Reached skill level 1 in Invocations
  6321 | D:8      | Found a large runed translucent door.
  6321 | D:8      | Found a large runed translucent door.
  6416 | D:8      | Reached XP level 10. HP: 77/90 MP: 9/11
  6515 | D:8      | Reached skill level 3 in Invocations
  6596 | D:8      | Reached ** piety under Okawaru
  6678 | D:8      | Found an ancient bone altar of Kikubaaqudgha.
  6792 | D:8      | Noticed Pikel
  6804 | D:8      | Killed Pikel
  6880 | D:8      | 6880 ||| INVOKING Heroism.
  6886 | D:8      | Reached skill level 9 in Fighting
  6958 | D:8      | Noticed qw's ghost (novice MiHs)
  7031 | D:8      | Noticed Erica
  7032 | D:8      | 7032 ||| INVOKING Heroism.
  7040 | D:8      | Killed Erica
  7040 | D:8      | Reached *** piety under Okawaru
  7253 | D:8      | 7253 ||| READING 2 scrolls of identify.
  7253 | D:8      | 7253 ||| IDENTIFYING fizzy dark potion
  7288 | D:9      | 7288 ||| INVOKING Heroism.
  7347 | D:9      | 7347 ||| INVOKING Heroism.
  7496 | D:9      | Reached skill level 6 in Dodging
  7520 | D:9      | Noticed a two-headed ogre
  7521 | D:9      | 7521 ||| FLEEEEING.
  7529 | D:9      | 7529 ||| STAIRDANCE
  7591 | D:8      | 7591 ||| READING scroll labelled JUEMMO QIGH.
  7628 | D:9      | 7628 ||| INVOKING Heroism.
  7651 | D:9      | 7651 ||| INVOKING Heroism.
  7659 | D:9      | Killed a two-headed ogre
  7660 | D:9      | Reached skill level 10 in Fighting
  7660 | D:9      | Reached XP level 11. HP: 92/99 MP: 10/13
  7689 | D:9      | Found a staircase to the Lair.
  7828 | D:9      | Reached **** piety under Okawaru
  7936 | D:9      | 7936 ||| READING scroll of enchant armour.
  7936 | D:9      | 7936 ||| ENCHANTING +0 cloak.
  8188 | D:9      | 8188 ||| READING scroll of enchant armour.
  8188 | D:9      | 8188 ||| ENCHANTING +1 cloak.
  8426 | D:9      | 8426 ||| PLANNING LAIR
  8426 | D:9      | 8426 ||| READING 3 scrolls of identify.
  8426 | D:9      | 8426 ||| IDENTIFYING green potion
  8427 | D:9      | 8427 ||| READING 2 scrolls of identify.
  8427 | D:9      | 8427 ||| IDENTIFYING orange potion
  8428 | D:9      | 8428 ||| DRINKING potion of experience.
  8428 | D:9      | Reached skill level 15 in Ranged Weapons
  8428 | D:9      | Reached XP level 12. HP: 106/106 MP: 13/17
  8475 | Lair:1   | Entered Level 1 of the Lair of Beasts
  8561 | Lair:1   | 8561 ||| INVOKING Heroism.
  8629 | Lair:1   | 8629 ||| INVOKING Heroism.
  8739 | Lair:1   | 8739 ||| INVOKING Heroism.
  8744 | Lair:1   | 8744 ||| DRINKING potion of cancellation.
  8928 | Lair:1   | 8928 ||| INVOKING Heroism.
  8960 | Lair:1   | Noticed a boulder beetle
  8985 | Lair:1   | 8985 ||| INVOKING Heroism.
  9001 | Lair:1   | Killed a boulder beetle
  9006 | Lair:1   | Reached skill level 9 in Invocations
  9337 | Lair:1   | Reached ***** piety under Okawaru
  9546 | Lair:1   | 9546 ||| READING 5 scrolls of identify.
  9546 | Lair:1   | 9546 ||| IDENTIFYING black potion
  9547 | Lair:1   | 9547 ||| DROPPING potion of invisibility.
  9584 | Lair:2   | You fall into a shaft and drop 2 floors!
  9601 | Lair:4   | 9601 ||| INVOKING Heroism.
  9629 | Lair:4   | 9629 ||| INVOKING Heroism.
  9674 | Lair:4   | Identified the +5 mace of the Bursted God {elec, Str+5
                  | Dex+2 Stlth-}
  9676 | Lair:4   | 9676 ||| INVOKING Heroism.
  9711 | Lair:4   | Noticed a boulder beetle
  9712 | Lair:4   | 9712 ||| INVOKING Heroism.
  9726 | Lair:4   | Killed a boulder beetle
  9727 | Lair:4   | Reached skill level 11 in Fighting
  9768 | Lair:4   | 9768 ||| INVOKING Heroism.
  9881 | Lair:4   | Found a staircase to the Slime Pits.
  9887 | Lair:4   | Found a viscous altar of Jiyva.
  9928 | Lair:4   | 9928 ||| INVOKING Heroism.
  9937 | Lair:4   | Reached skill level 6 in Armour
  9937 | Lair:4   | Reached XP level 13. HP: 116/116 MP: 17/19
  9947 | Lair:4   | 9947 ||| READING 2 scrolls labelled NEOCOPRU SYBET.
  9948 | Lair:4   | 9948 ||| READING 2 scrolls labelled QUOMIJ NI ZUSK.
  9949 | Lair:4   | 9949 ||| READING scroll of enchant weapon.
  9949 | Lair:4   | 9949 ||| ENCHANTING +1 orcbow of freezing.
  9950 | Lair:4   | 9950 ||| DROPPING scroll of noise.
  9976 | Lair:3   | 9976 ||| INVOKING Heroism.
  9991 | Lair:3   | HP: 19/117 [komodo dragon (17)]
  9992 | Lair:3   | 9992 ||| READING 6 scrolls of teleportation.
  9993 | Lair:3   | 9993 ||| DRINKING 6 potions of heal wounds.
 10207 | Lair:3   | 10207 ||| INVOKING Heroism.
 10212 | Lair:3   | Reached skill level 12 in Fighting
 10220 | Lair:3   | Found a hole to the Spider Nest.
 10264 | Lair:3   | 10264 ||| INVOKING Heroism.
 10265 | Lair:3   | 10265 ||| INVOKING Finesse.
 10278 | Lair:3   | Received a gift from Okawaru
 10362 | Lair:3   | Reached skill level 9 in Dodging
 10367 | Lair:3   | 10367 ||| INVOKING Heroism.
 10446 | Lair:3   | 10446 ||| READING scroll of brand weapon.
 10446 | Lair:3   | 10446 ||| BRANDING +2 orcbow of freezing.
 10486 | Lair:3   | Found a staircase to the Swamp.
 10521 | Lair:3   | 10521 ||| INVOKING Heroism.
 10686 | Lair:2   | 10686 ||| INVOKING Heroism.
 10697 | Lair:2   | Reached skill level 13 in Fighting
 11011 | Lair:2   | 11011 ||| INVOKING Heroism.
 11069 | Lair:2   | 11069 ||| INVOKING Heroism.
 11113 | Lair:2   | Identified the +3 leather armour of Leapfrog {rElec Slay+4}
 11351 | Lair:2   | 11351 ||| UPGRADING to +3 leather armour of Leapfrog {rElec
                  | Slay+4}.
 11361 | Lair:2   | 11361 ||| DROPPING +0 ring mail.
 11362 | Lair:2   | 11362 ||| DROPPING amulet of regeneration.
 11363 | Lair:2   | 11363 ||| READING scroll labelled WEVUNY NY SORR.
 11364 | Lair:2   | 11364 ||| READING 4 scrolls of identify.
 11364 | Lair:2   | 11364 ||| IDENTIFYING bubbling golden potion
 11514 | Lair:3   | 11514 ||| INVOKING Heroism.
 11576 | Lair:3   | 11576 ||| INVOKING Heroism.
 12008 | Lair:4   | 12008 ||| INVOKING Heroism.
 12035 | Lair:3   | Identified the scarf of the Planets {repulsion, +Inv Will-
                  | Str+2} (Okawaru gifted it to you on level 3 of the Lair of
                  | Beasts)
 12035 | Lair:3   | Received a gift from Okawaru
 12038 | Lair:3   | 12038 ||| Stepping ~*~*~tactically~*~*~ (cloud).
 12040 | Lair:3   | 12040 ||| INVOKING Heroism.
 12041 | Lair:3   | 12041 ||| INVOKING Finesse.
 12118 | Lair:3   | 12118 ||| DROPPING scarf of the Planets {repulsion, +Inv
                  | Will- Str+2}.
 12204 | Lair:4   | Reached skill level 14 in Fighting
 12598 | Lair:5   | Entered Level 5 of the Lair of Beasts
 12665 | Lair:5   | 12665 ||| INVOKING Heroism.
 12917 | Lair:5   | Reached skill level 15 in Fighting
 12949 | Lair:5   | 12949 ||| INVOKING Heroism.
 12956 | Lair:5   | Reached XP level 14. HP: 125/135 MP: 17/20
 13002 | Lair:5   | 13002 ||| READING scroll of enchant weapon.
 13002 | Lair:5   | 13002 ||| ENCHANTING +2 orcbow of electrocution.
 13084 | Lair:5   | 13084 ||| INVOKING Heroism.
 13328 | Lair:5   | 13328 ||| INVOKING Heroism.
 13342 | Lair:5   | Found a dark tunnel.
 13423 | Lair:5   | Reached skill level 16 in Fighting
 13462 | Lair:5   | 13462 ||| Stepping ~*~*~tactically~*~*~ (outnumbered).
 13463 | Lair:5   | 13463 ||| INVOKING Heroism.
 13517 | Lair:5   | Reached skill level 12 in Dodging
 13532 | Lair:5   | 13532 ||| INVOKING Heroism.
 13946 | Lair:5   | Reached skill level 17 in Fighting
 14348 | Lair:5   | 14348 ||| PLANNING D:1-11
 14348 | Lair:5   | 14348 ||| READING scroll labelled YHYIDE WAFEME.
 14349 | Lair:5   | 14349 ||| READING 5 scrolls of identify.
 14349 | Lair:5   | 14349 ||| IDENTIFYING pink potion
 14350 | Lair:5   | 14350 ||| DROPPING potion of degeneration.
 14470 | D:10     | Entered Level 10 of the Dungeon
 14473 | D:10     | 14473 ||| STAIRDANCE
 14492 | D:10     | 14492 ||| STAIRDANCE
 14500 | D:10     | 14500 ||| STAIRDANCE
 14504 | D:10     | 14504 ||| STAIRDANCE
 14508 | D:10     | 14508 ||| STAIRDANCE
 14540 | D:10     | 14540 ||| STAIRDANCE
 14549 | D:10     | 14549 ||| STAIRDANCE
 14557 | D:10     | 14557 ||| STAIRDANCE
 14561 | D:10     | 14561 ||| STAIRDANCE
 14578 | D:10     | 14578 ||| STAIRDANCE
 14586 | D:10     | 14586 ||| STAIRDANCE
 14602 | D:10     | 14602 ||| STAIRDANCE
 14608 | D:10     | 14608 ||| STAIRDANCE
 14626 | D:10     | 14626 ||| STAIRDANCE
 14641 | D:10     | 14641 ||| STAIRDANCE
 14650 | D:10     | 14650 ||| STAIRDANCE
 14654 | D:10     | 14654 ||| STAIRDANCE
 14661 | D:10     | 14661 ||| STAIRDANCE
 14674 | D:10     | 14674 ||| STAIRDANCE
 14683 | D:10     | 14683 ||| STAIRDANCE
 14929 | D:10     | Found a shadowy altar of Dithmenos.
 15014 | D:10     | Found a staircase to the Orcish Mines.
 15018 | D:10     | 15018 ||| Stepping ~*~*~tactically~*~*~ (outnumbered).
 15039 | D:10     | 15039 ||| Stepping ~*~*~tactically~*~*~ (outnumbered).
 15072 | D:10     | Found Doiwahaite's Book Shoppe.
 15242 | D:10     | Found a shimmering blue altar of Sif Muna.
 15247 | D:10     | Found an ornate altar of the Wu Jian Council.
 15393 | D:10     | 15393 ||| Stepping randomly (disturbance).
 15394 | D:10     | 15394 ||| Stepping randomly (disturbance).
 15395 | D:10     | 15395 ||| Stepping randomly (disturbance).
 15397 | D:10     | 15397 ||| Stepping randomly (disturbance).
 15478 | D:10     | Received a gift from Okawaru
 15861 | D:11     | 15861 ||| PLANNING GAUNTLET
 15976 | D:11     | Found a gate leading to a gauntlet.
 15982 | Gauntlet | Entered a Gauntlet
 15982 | Gauntlet | Found a transporter.
 15992 | Gauntlet | Found a transporter.
 15994 | Gauntlet | Found a transporter.
 15995 | Gauntlet | Found a transporter.
 15999 | Gauntlet | Found a runed translucent door.
 16001 | Gauntlet | Found a runed translucent door.
 16003 | Gauntlet | Found a transporter.
 16006 | Gauntlet | Found a transporter.
 16007 | Gauntlet | Found a transporter.
 16016 | Gauntlet | Found a transporter.
 16019 | Gauntlet | Found a transporter.
 16020 | Gauntlet | Found a transporter.
 16032 | Gauntlet | Found a transporter.
 16033 | Gauntlet | Found a transporter.
 16034 | Gauntlet | Found a transporter.
 16041 | Gauntlet | Found a transporter.
 16128 | Gauntlet | Reached skill level 18 in Fighting
 16229 | Gauntlet | Identified the ring of Kuxiuk {Ice Str-2 Dex+5 Stlth+}
 16231 | Gauntlet | 16231 ||| DROPPING ring of ice.
 16232 | Gauntlet | 16232 ||| UPGRADING to ring of Kuxiuk {Ice Str-2 Dex+5
                  | Stlth+}.
 16257 | Gauntlet | 16257 ||| INVOKING Heroism.
 16258 | Gauntlet | 16258 ||| INVOKING Finesse.
 16307 | Gauntlet | Identified the staff "Kimnaeruro" {rC+ Will+ Str+2 Dex+2
                  | Ice}
 16307 | Gauntlet | Identified the +3 war axe of the Eternal Void {vamp, rElec
                  | rF- rCorr Stlth-}
 16307 | Gauntlet | Identified the +0 ring mail "Moopraq" {rN+}
 16307 | Gauntlet | Identified the amulet "Wuqiuwk" {RegenMP rElec rPois rC+
                  | Int+2}
 16320 | Gauntlet | 16320 ||| DROPPING +0 ring mail "Moopraq" {rN+}.
 16333 | D:11     | 16333 ||| PLANNING D:1-11
 16335 | D:11     | You fall into a shaft and drop 3 floors!
 16340 | D:14     | 16340 ||| READING scroll of brand weapon.
 16340 | D:14     | 16340 ||| BRANDING +3 orcbow of electrocution.
 16509 | D:13     | Noticed Snorg
 16510 | D:13     | 16510 ||| INVOKING Heroism.
 16511 | D:13     | 16511 ||| INVOKING Finesse.
 16515 | D:13     | Killed Snorg
 16993 | D:11     | 16993 ||| READING scroll of enchant weapon.
 16993 | D:11     | 16993 ||| ENCHANTING +3 heavy orcbow.
 17013 | D:11     | Received a gift from Okawaru
 17207 | D:11     | Reached XP level 15. HP: 149/149 MP: 21/21
 17413 | D:11     | 17413 ||| PLANNING D
 17656 | D:12     | 17656 ||| INVOKING Heroism.
 17658 | D:12     | 17658 ||| READING 10 scrolls of teleportation.
 17963 | D:12     | 17963 ||| Stepping ~*~*~tactically~*~*~ (outnumbered).
 17975 | D:12     | 17975 ||| Stepping ~*~*~tactically~*~*~ (outnumbered).
 17977 | D:12     | 17977 ||| Stepping ~*~*~tactically~*~*~ (outnumbered).
 17979 | D:12     | 17979 ||| Stepping ~*~*~tactically~*~*~ (outnumbered).
 17991 | D:12     | 17991 ||| Stepping ~*~*~tactically~*~*~ (outnumbered).
 17992 | D:12     | 17992 ||| INVOKING Heroism.
 18265 | D:12     | 18265 ||| INVOKING Heroism.
 18723 | D:13     | Reached skill level 15 in Dodging
 18734 | D:13     | 18734 ||| READING 3 scrolls of enchant weapon.
 18734 | D:13     | 18734 ||| ENCHANTING +4 heavy orcbow.
 18735 | D:13     | 18735 ||| READING 2 scrolls of enchant weapon.
 18735 | D:13     | 18735 ||| ENCHANTING +5 heavy orcbow.
 18736 | D:13     | 18736 ||| READING scroll of enchant weapon.
 18736 | D:13     | 18736 ||| ENCHANTING +6 heavy orcbow.
 18884 | D:13     | 18884 ||| Stepping ~*~*~tactically~*~*~ (outnumbered).
 19010 | D:13     | 19010 ||| FLEEEEING.
 19165 | D:13     | 19165 ||| DROPPING ring of flight.
 19228 | D:14     | Identified the +0 chain mail of Zonom {Str+3} (Okawaru
                  | gifted it to you on level 14 of the Dungeon)
 19228 | D:14     | Received a gift from Okawaru
 19255 | D:14     | 19255 ||| FLEEEEING.
 19256 | D:14     | 19256 ||| FLEEEEING.
 19257 | D:14     | 19257 ||| FLEEEEING.
 19258 | D:14     | 19258 ||| FLEEEEING.
 19259 | D:14     | 19259 ||| FLEEEEING.
 19279 | D:14     | 19279 ||| INVOKING Heroism.
 19581 | D:14     | Found Onwyeh's Assorted Antiques.
 19590 | D:14     | 19590 ||| BUYING ring of protection from cold (950 gold).
 19590 | D:14     | Bought a ring of protection from cold for 950 gold pieces
 19590 | D:14     | 19590 ||| BUYING scroll of teleportation (114 gold).
 19590 | D:14     | Bought a scroll of teleportation for 114 gold pieces
 19686 | D:14     | 19686 ||| FLEEEEING.
 19978 | D:14     | Found a gate to the Vaults.
 19980 | D:14     | 19980 ||| Stepping ~*~*~tactically~*~*~ (outnumbered).
 20107 | D:15     | Entered Level 15 of the Dungeon
 20108 | D:15     | 20108 ||| Stepping ~*~*~tactically~*~*~ (outnumbered).
 20114 | D:15     | 20114 ||| Stepping ~*~*~tactically~*~*~ (outnumbered).
 20115 | D:15     | 20115 ||| Stepping ~*~*~tactically~*~*~ (outnumbered).
 20118 | D:15     | 20118 ||| INVOKING Heroism.
 20123 | D:15     | Reached skill level 19 in Fighting
 20332 | D:15     | 20332 ||| INVOKING Heroism.
 20364 | D:15     | Noticed Rupert
 20365 | D:15     | 20365 ||| INVOKING Finesse.
 20369 | D:15     | Killed Rupert
 20602 | D:15     | 20602 ||| INVOKING Heroism.
 20690 | D:15     | Noticed Azrael
 20691 | D:15     | 20691 ||| INVOKING Heroism.
 20698 | D:15     | 20698 ||| INVOKING Finesse.
 20699 | D:15     | 20699 ||| INVOKING Finesse.
 20707 | D:15     | Killed Azrael
 20708 | D:15     | Reached XP level 16. HP: 160/160 MP: 16/22
 20766 | D:15     | Found an opulent altar of Gozag.
 20849 | D:15     | 20849 ||| Stepping ~*~*~tactically~*~*~ (outnumbered).
 20949 | D:15     | Noticed Kirke
 20950 | D:15     | 20950 ||| INVOKING Heroism.
 20952 | D:15     | 20952 ||| INVOKING Finesse.
 20966 | D:15     | Killed Kirke
 21104 | D:15     | 21104 ||| FLEEEEING.
 21105 | D:15     | 21105 ||| FLEEEEING.
 21106 | D:15     | 21106 ||| FLEEEEING.
 21107 | D:15     | 21107 ||| FLEEEEING.
 21108 | D:15     | 21108 ||| FLEEEEING.
 21109 | D:15     | 21109 ||| FLEEEEING.
 21110 | D:15     | 21110 ||| FLEEEEING.
 21121 | D:15     | 21121 ||| FLEEEEING.
 21131 | D:15     | 21131 ||| INVOKING Heroism.
 21183 | D:15     | Found a staircase to the Depths.
 21435 | D:15     | 21435 ||| PLANNING ORC
 21483 | Orc:1    | Entered Level 1 of the Orcish Mines
 21551 | Orc:2    | Entered Level 2 of the Orcish Mines
 21551 | Orc:2    | Found a staircase to the Elven Halls.
 21646 | Orc:2    | Found Uczawn's Magic Scroll Shop.
 21657 | Orc:2    | 21657 ||| BUYING scroll of brand weapon (114 gold).
 21657 | Orc:2    | Bought a scroll of brand weapon for 114 gold pieces
 21657 | Orc:2    | 21657 ||| BUYING scroll of enchant armour (90 gold).
 21657 | Orc:2    | Bought a scroll of enchant armour for 90 gold pieces
 21770 | Orc:2    | 21770 ||| INVOKING Heroism.
 21781 | Orc:2    | Noticed Nergalle
 21890 | Orc:2    | Killed Nergalle
 21892 | Orc:2    | 21892 ||| INVOKING Heroism.
 21902 | Orc:2    | 21902 ||| INVOKING Finesse.
 21913 | Orc:2    | Received a gift from Okawaru
 21915 | Orc:2    | Reached skill level 20 in Fighting
 21953 | Orc:2    | 21953 ||| INVOKING Heroism.
 21970 | Orc:2    | Found Cuogezep's Antique Weapon Emporium.
 21990 | Orc:2    | Found Paym's Jewellery Emporium.
 22001 | Orc:2    | 22001 ||| BUYING +6 ring of dexterity (540 gold).
 22001 | Orc:2    | Bought a +6 ring of dexterity for 540 gold pieces
 22001 | Orc:2    | 22001 ||| BUYING amulet of faith (600 gold).
 22001 | Orc:2    | Bought an amulet of faith for 600 gold pieces
 22001 | Orc:2    | 22001 ||| SHOPLISTING ring "Mumez" {rC+ MP-9 AC+4 Int+2}
                  | (540 gold, have 76).
 22023 | Orc:2    | 22023 ||| INVOKING Heroism.
 22048 | Orc:2    | 22048 ||| UPGRADING to amulet of faith.
 22058 | Orc:2    | 22058 ||| DROPPING ring of protection from cold.
 22059 | Orc:2    | 22059 ||| UPGRADING to +6 ring of dexterity.
 22061 | Orc:2    | 22061 ||| UPGRADING to ring of Kuxiuk {Ice Str-2 Dex+5
                  | Stlth+}.
 22104 | Orc:1    | Noticed Fannar
 22110 | Orc:1    | Killed Fannar
 22185 | Orc:1    | 22185 ||| Stepping ~*~*~tactically~*~*~ (outnumbered).
 22188 | Orc:1    | 22188 ||| Stepping ~*~*~tactically~*~*~ (outnumbered).
 22192 | Orc:1    | 22192 ||| Stepping ~*~*~tactically~*~*~ (outnumbered).
 22198 | Orc:1    | 22198 ||| INVOKING Heroism.
 22259 | Orc:1    | 22259 ||| INVOKING Heroism.
 22387 | Orc:1    | 22387 ||| Stepping ~*~*~tactically~*~*~ (outnumbered).
 22389 | Orc:1    | 22389 ||| Stepping ~*~*~tactically~*~*~ (outnumbered).
 22391 | Orc:1    | 22391 ||| Stepping ~*~*~tactically~*~*~ (outnumbered).
 22393 | Orc:1    | 22393 ||| Stepping ~*~*~tactically~*~*~ (outnumbered).
 22395 | Orc:1    | 22395 ||| Stepping ~*~*~tactically~*~*~ (outnumbered).
 22397 | Orc:1    | 22397 ||| Stepping ~*~*~tactically~*~*~ (outnumbered).
 22399 | Orc:1    | 22399 ||| Stepping ~*~*~tactically~*~*~ (outnumbered).
 22401 | Orc:1    | 22401 ||| Stepping ~*~*~tactically~*~*~ (outnumbered).
 22403 | Orc:1    | 22403 ||| Stepping ~*~*~tactically~*~*~ (outnumbered).
 22405 | Orc:1    | 22405 ||| Stepping ~*~*~tactically~*~*~ (outnumbered).
 22407 | Orc:1    | 22407 ||| Stepping ~*~*~tactically~*~*~ (outnumbered).
 22511 | Orc:1    | 22511 ||| INVOKING Heroism.
 22515 | Orc:1    | 22515 ||| Stepping ~*~*~tactically~*~*~ (outnumbered).
 22679 | Orc:2    | Found Dus Piu's Antique Armour Emporium.
 22686 | Orc:2    | 22686 ||| BUYING glowing leather armour (145 gold).
 22686 | Orc:2    | Bought a glowing leather armour for 145 gold pieces
 22686 | Orc:2    | 22686 ||| BUYING shiny ring mail (203 gold).
 22686 | Orc:2    | Bought a shiny ring mail for 203 gold pieces
 22686 | Orc:2    | 22686 ||| SHOPLISTING shiny ring mail (203 gold, have 40).
 22695 | Orc:2    | Found Laeb's General Store.
 22702 | Orc:2    | 22702 ||| SHOPLISTING potion of heal wounds (70 gold, have
                  | 40).
 22702 | Orc:2    | 22702 ||| SHOPLISTING potion of mutation (112 gold, have
                  | 40).
 22702 | Orc:2    | 22702 ||| SHOPLISTING scroll of brand weapon (133 gold,
                  | have 40).
 22702 | Orc:2    | 22702 ||| SHOPLISTING scroll of enchant armour (105 gold,
                  | have 40).
 22808 | Orc:2    | 22808 ||| PLANNING SWAMP:1-3
 22808 | Orc:2    | 22808 ||| DROPPING +2 leather armour of willpower.
 22809 | Orc:2    | 22809 ||| DROPPING +4 ring mail of cold resistance.
 22990 | Swamp:1  | Entered Level 1 of the Swamp
 22991 | Swamp:1  | 22991 ||| INVOKING Heroism.
 23025 | Swamp:1  | 23025 ||| INVOKING Heroism.
 23028 | Swamp:1  | Reached skill level 18 in Dodging
 23033 | Swamp:1  | 23033 ||| Stepping ~*~*~tactically~*~*~ (water).
 23035 | Swamp:1  | 23035 ||| Stepping ~*~*~tactically~*~*~ (water).
 23130 | Swamp:1  | 23130 ||| Stepping ~*~*~tactically~*~*~ (water).
 23138 | Swamp:1  | 23138 ||| Stepping ~*~*~tactically~*~*~ (water).
 23140 | Swamp:1  | 23140 ||| Stepping ~*~*~tactically~*~*~ (water).
 23142 | Swamp:1  | 23142 ||| Stepping ~*~*~tactically~*~*~ (water).
 23144 | Swamp:1  | 23144 ||| Stepping ~*~*~tactically~*~*~ (water).
 23148 | Swamp:1  | 23148 ||| Stepping ~*~*~tactically~*~*~ (cloud).
 23363 | Swamp:1  | 23363 ||| Stepping ~*~*~tactically~*~*~ (water).
 23387 | Swamp:1  | 23387 ||| INVOKING Heroism.
 23404 | Swamp:1  | 23404 ||| INVOKING Heroism.
 23417 | Swamp:1  | 23417 ||| Stepping ~*~*~tactically~*~*~ (water).
 23419 | Swamp:1  | 23419 ||| Stepping ~*~*~tactically~*~*~ (water).
 23421 | Swamp:1  | 23421 ||| Stepping ~*~*~tactically~*~*~ (water).
 23423 | Swamp:1  | 23423 ||| Stepping ~*~*~tactically~*~*~ (water).
 23436 | Swamp:1  | 23436 ||| Stepping ~*~*~tactically~*~*~ (water).
 23471 | Swamp:1  | 23471 ||| INVOKING Heroism.
 23673 | Swamp:1  | 23673 ||| INVOKING Heroism.
 23826 | Swamp:2  | 23826 ||| STAIRDANCE
 23995 | Swamp:2  | 23995 ||| Stepping ~*~*~tactically~*~*~ (water).
 23998 | Swamp:2  | 23998 ||| Stepping ~*~*~tactically~*~*~ (cloud).
 24062 | Swamp:2  | 24062 ||| INVOKING Heroism.
 24086 | Swamp:2  | 24086 ||| Stepping ~*~*~tactically~*~*~ (water).
 24116 | Swamp:2  | 24116 ||| INVOKING Heroism.
 24141 | Swamp:2  | 24141 ||| INVOKING Heroism.
 24293 | Swamp:2  | 24293 ||| Stepping ~*~*~tactically~*~*~ (water).
 24298 | Swamp:2  | 24298 ||| Stepping ~*~*~tactically~*~*~ (water).
 24300 | Swamp:2  | 24300 ||| Stepping ~*~*~tactically~*~*~ (water).
 24301 | Swamp:2  | 24301 ||| INVOKING Heroism.
 24319 | Swamp:2  | 24319 ||| Stepping ~*~*~tactically~*~*~ (water).
 24332 | Swamp:2  | 24332 ||| Stepping ~*~*~tactically~*~*~ (water).
 24508 | Swamp:2  | 24508 ||| Stepping ~*~*~tactically~*~*~ (water).
 24622 | Swamp:3  | 24622 ||| Stepping ~*~*~tactically~*~*~ (water).
 24624 | Swamp:3  | 24624 ||| INVOKING Heroism.
 24724 | Swamp:3  | 24724 ||| INVOKING Heroism.
 24729 | Swamp:3  | Reached XP level 17. HP: 170/170 MP: 21/23
 24747 | Swamp:3  | 24747 ||| Stepping ~*~*~tactically~*~*~ (water).
 24749 | Swamp:3  | 24749 ||| Stepping ~*~*~tactically~*~*~ (water).
 24751 | Swamp:3  | 24751 ||| Stepping ~*~*~tactically~*~*~ (water).
 24753 | Swamp:3  | 24753 ||| Stepping ~*~*~tactically~*~*~ (water).
 24761 | Swamp:3  | 24761 ||| Stepping ~*~*~tactically~*~*~ (water).
 24763 | Swamp:3  | 24763 ||| Stepping ~*~*~tactically~*~*~ (water).
 24783 | Swamp:3  | 24783 ||| Stepping ~*~*~tactically~*~*~ (cloud).
 24784 | Swamp:3  | 24784 ||| INVOKING Heroism.
 24786 | Swamp:3  | 24786 ||| Stepping ~*~*~tactically~*~*~ (cloud).
 24788 | Swamp:3  | 24788 ||| Stepping ~*~*~tactically~*~*~ (water).
 25194 | Swamp:3  | 25194 ||| PLANNING SPIDER:1-3
 25277 | Spider:1 | Entered Level 1 of the Spider Nest
 25282 | Spider:1 | 25282 ||| INVOKING Heroism.
 25295 | Spider:1 | Received a gift from Okawaru
 25477 | Spider:1 | Noticed Louise
 25480 | Spider:1 | 25480 ||| Stepping ~*~*~tactically~*~*~ (outnumbered).
 25484 | Spider:1 | Killed Louise
 25569 | Spider:1 | 25569 ||| INVOKING Finesse.
 25582 | Spider:1 | Reached skill level 21 in Fighting
 25715 | Spider:1 | 25715 ||| INVOKING Finesse.
 25807 | Spider:1 | 25807 ||| READING scroll of enchant weapon.
 25807 | Spider:1 | 25807 ||| ENCHANTING +7 heavy orcbow.
 25815 | Spider:1 | Noticed Donald
 25816 | Spider:1 | 25816 ||| INVOKING Heroism.
 25817 | Spider:1 | 25817 ||| INVOKING Finesse.
 25822 | Spider:1 | Killed Donald
 25922 | Spider:1 | Reached skill level 9 in Armour
 26001 | Spider:1 | 26001 ||| INVOKING Heroism.
 26064 | Spider:1 | 26064 ||| INVOKING Heroism.
 26555 | Spider:1 | 26555 ||| INVOKING Finesse.
 26658 | Spider:1 | Noticed Josephine
 26663 | Spider:1 | Killed Josephine
 27312 | Spider:2 | Reached skill level 21 in Dodging
 27347 | Spider:2 | 27347 ||| INVOKING Finesse.
 27422 | Spider:2 | 27422 ||| INVOKING Finesse.
 27430 | Spider:2 | Received a gift from Okawaru
 27573 | Spider:2 | 27573 ||| DROPPING amulet of the acrobat.
 27607 | Spider:3 | 27607 ||| INVOKING Heroism.
 27656 | Spider:3 | 27656 ||| INVOKING Heroism.
 27684 | Spider:3 | 27684 ||| INVOKING Finesse.
 27799 | Spider:3 | 27799 ||| FLEEEEING.
 27800 | Spider:3 | 27800 ||| FLEEEEING.
 27803 | Spider:3 | 27803 ||| STAIRDANCE
 27877 | Spider:3 | 27877 ||| INVOKING Heroism.
 27974 | Spider:3 | 27974 ||| INVOKING Finesse.
 28274 | Spider:3 | Reached skill level 22 in Fighting
 28292 | Spider:3 | 28292 ||| FLEEEEING.
 28295 | Spider:3 | 28295 ||| FLEEEEING.
 28405 | Spider:3 | 28405 ||| FLEEEEING.
 28406 | Spider:3 | 28406 ||| FLEEEEING.
 28472 | Spider:3 | 28472 ||| INVOKING Heroism.
 28485 | Spider:3 | 28485 ||| INVOKING Finesse.
 28486 | Spider:3 | 28486 ||| INVOKING Finesse.
 28678 | Spider:3 | Found a runed translucent door.
 28678 | Spider:3 | Noticed Taocaav's ghost (adept CeHu)
 28755 | Spider:3 | Reached XP level 18. HP: 184/184 MP: 24/24
 28800 | Spider:3 | 28800 ||| INVOKING Finesse.
 29062 | Spider:3 | 29062 ||| PLANNING SWAMP:4
 29345 | Swamp:4  | Entered Level 4 of the Swamp
 29431 | Swamp:4  | Noticed Mara
 29432 | Swamp:4  | 29432 ||| INVOKING Heroism.
 29433 | Swamp:4  | 29433 ||| INVOKING Finesse.
 29440 | Swamp:4  | 29440 ||| Stepping ~*~*~tactically~*~*~ (cloud).
 29444 | Swamp:4  | 29444 ||| Stepping ~*~*~tactically~*~*~ (water).
 29449 | Swamp:4  | Killed Mara
 29659 | Swamp:4  | 29659 ||| READING scroll of enchant weapon.
 29659 | Swamp:4  | 29659 ||| ENCHANTING +8 heavy orcbow.
 29676 | Swamp:4  | 29676 ||| Stepping ~*~*~tactically~*~*~ (water).
 29678 | Swamp:4  | 29678 ||| Stepping ~*~*~tactically~*~*~ (water).
 29681 | Swamp:4  | 29681 ||| Stepping ~*~*~tactically~*~*~ (water).
 29683 | Swamp:4  | 29683 ||| Stepping ~*~*~tactically~*~*~ (water).
 29685 | Swamp:4  | 29685 ||| Stepping ~*~*~tactically~*~*~ (water).
 29687 | Swamp:4  | 29687 ||| Stepping ~*~*~tactically~*~*~ (water).
 29689 | Swamp:4  | 29689 ||| Stepping ~*~*~tactically~*~*~ (water).
 29691 | Swamp:4  | 29691 ||| Stepping ~*~*~tactically~*~*~ (water).
 29693 | Swamp:4  | 29693 ||| Stepping ~*~*~tactically~*~*~ (water).
 29828 | Swamp:4  | 29828 ||| INVOKING Heroism.
 29833 | Swamp:4  | Paralysed by a fenstrider witch for 2 turns
 29991 | Swamp:4  | 29991 ||| Stepping ~*~*~tactically~*~*~ (water).
 30000 | Swamp:4  | 30000 ||| Stepping ~*~*~tactically~*~*~ (water).
 30234 | Swamp:4  | 30234 ||| Waiting for clouds to move.
 30235 | Swamp:4  | 30235 ||| Waiting for clouds to move.
 30236 | Swamp:4  | 30236 ||| Waiting for clouds to move.
 30237 | Swamp:4  | 30237 ||| Waiting for clouds to move.
 30238 | Swamp:4  | 30238 ||| Waiting for clouds to move.
 30304 | Swamp:4  | 30304 ||| Waiting for clouds to move.
 30305 | Swamp:4  | 30305 ||| Waiting for clouds to move.
 30397 | Swamp:4  | 30397 ||| Waiting for clouds to move.
 30400 | Swamp:4  | 30400 ||| Waiting for clouds to move.
 30402 | Swamp:4  | 30402 ||| Waiting for clouds to move.
 30403 | Swamp:4  | 30403 ||| Waiting for clouds to move.
 30406 | Swamp:4  | 30406 ||| Waiting for clouds to move.
 30408 | Swamp:4  | 30408 ||| Waiting for clouds to move.
 30409 | Swamp:4  | 30409 ||| Waiting for clouds to move.
 30410 | Swamp:4  | 30410 ||| Waiting for clouds to move.
 30411 | Swamp:4  | 30411 ||| Waiting for clouds to move.
 30412 | Swamp:4  | 30412 ||| Waiting for clouds to move.
 30413 | Swamp:4  | 30413 ||| Waiting for clouds to move.
 30417 | Swamp:4  | 30417 ||| Waiting for clouds to move.
 30418 | Swamp:4  | 30418 ||| Waiting for clouds to move.
 30419 | Swamp:4  | 30419 ||| Waiting for clouds to move.
 30420 | Swamp:4  | 30420 ||| Waiting for clouds to move.
 30432 | Swamp:4  | Got a decaying rune of Zot
 30433 | Swamp:4  | 30433 ||| PLANNING VAULTS:1-4
 30853 | Vaults:1 | Entered Level 1 of the Vaults
 30854 | Vaults:1 | 30854 ||| PLANNING WIZLAB
 30908 | Vaults:1 | 30908 ||| FLEEEEING.
 30909 | Vaults:1 | 30909 ||| STAIRDANCE
 31029 | Vaults:1 | Received a gift from Okawaru
 31033 | Vaults:1 | 31033 ||| STAIRDANCE
 31105 | Vaults:1 | 31105 ||| SWAPPING to +1 longbow of draining.
 31106 | Vaults:1 | 31106 ||| DROPPING +9 heavy orcbow.
 31107 | Vaults:1 | 31107 ||| READING 2 scrolls of brand weapon.
 31107 | Vaults:1 | 31107 ||| BRANDING +1 longbow of draining.
 31252 | Vaults:1 | 31252 ||| FLEEEEING.
 31253 | Vaults:1 | 31253 ||| FLEEEEING.
 31254 | Vaults:1 | 31254 ||| FLEEEEING.
 31258 | Vaults:1 | 31258 ||| FLEEEEING.
 31259 | Vaults:1 | 31259 ||| FLEEEEING.
 31260 | Vaults:1 | 31260 ||| FLEEEEING.
 31261 | Vaults:1 | 31261 ||| FLEEEEING.
 31263 | Vaults:1 | 31263 ||| FLEEEEING.
 31264 | Vaults:1 | 31264 ||| FLEEEEING.
 31265 | Vaults:1 | 31265 ||| FLEEEEING.
 31266 | Vaults:1 | 31266 ||| FLEEEEING.
 31267 | Vaults:1 | 31267 ||| FLEEEEING.
 31268 | Vaults:1 | 31268 ||| STAIRDANCE
 31425 | Vaults:1 | Identified the +2 ring mail "Fehoukk" {Regen+ Dex+2}
 31540 | Vaults:1 | 31540 ||| RIP WIZLAB
 31564 | Vaults:1 | 31564 ||| PLANNING VAULTS:1-4
 31647 | Vaults:1 | 31647 ||| INVOKING Heroism.
 31648 | Vaults:1 | 31648 ||| INVOKING Finesse.
 31656 | Vaults:1 | 31656 ||| Stepping ~*~*~tactically~*~*~ (outnumbered).
 32216 | Vaults:1 | 32216 ||| Stepping ~*~*~tactically~*~*~ (outnumbered).
 32218 | Vaults:1 | 32218 ||| Stepping ~*~*~tactically~*~*~ (outnumbered).
 32220 | Vaults:1 | 32220 ||| Stepping ~*~*~tactically~*~*~ (outnumbered).
 32222 | Vaults:1 | 32222 ||| Stepping ~*~*~tactically~*~*~ (outnumbered).
 32223 | Vaults:1 | 32223 ||| Stepping ~*~*~tactically~*~*~ (outnumbered).
 32226 | Vaults:1 | 32226 ||| Stepping ~*~*~tactically~*~*~ (outnumbered).
 32228 | Vaults:1 | 32228 ||| Stepping ~*~*~tactically~*~*~ (outnumbered).
 32230 | Vaults:1 | 32230 ||| Stepping ~*~*~tactically~*~*~ (outnumbered).
 32236 | Vaults:1 | Received a gift from Okawaru
 32331 | Vaults:1 | 32331 ||| SWAPPING to +2 longbow of freezing.
 32332 | Vaults:1 | 32332 ||| DROPPING +1 heavy longbow.
 32333 | Vaults:1 | 32333 ||| READING scroll of brand weapon.
 32333 | Vaults:1 | 32333 ||| BRANDING +2 longbow of freezing.
 32557 | Vaults:1 | 32557 ||| UPGRADING to +2 ring mail "Fehoukk" {Regen+
                  | Dex+2}.
 32567 | Vaults:1 | 32567 ||| DROPPING +3 leather armour of Leapfrog {rElec
                  | Slay+4}.
 32568 | Vaults:1 | 32568 ||| DROPPING +1 leather armour of fire resistance.
 32569 | Vaults:1 | 32569 ||| DROPPING +0 swamp dragon scales.
 32614 | Vaults:2 | 32614 ||| Stepping ~*~*~tactically~*~*~ (outnumbered).
 32616 | Vaults:2 | 32616 ||| Stepping ~*~*~tactically~*~*~ (outnumbered).
 32618 | Vaults:2 | 32618 ||| Stepping ~*~*~tactically~*~*~ (outnumbered).
 32619 | Vaults:2 | 32619 ||| Stepping ~*~*~tactically~*~*~ (outnumbered).
 32675 | Vaults:2 | 32675 ||| Stepping ~*~*~tactically~*~*~ (outnumbered).
 32677 | Vaults:2 | 32677 ||| INVOKING Heroism.
 32756 | Vaults:2 | Found a staircase to the Crypt.
 32768 | Vaults:2 | 32768 ||| FLEEEEING.
 32769 | Vaults:2 | 32769 ||| FLEEEEING.
 32770 | Vaults:2 | 32770 ||| FLEEEEING.
 32772 | Vaults:2 | 32772 ||| FLEEEEING.
 32773 | Vaults:2 | 32773 ||| FLEEEEING.
 32774 | Vaults:2 | 32774 ||| FLEEEEING.
 32775 | Vaults:2 | 32775 ||| FLEEEEING.
 32776 | Vaults:2 | 32776 ||| FLEEEEING.
 32777 | Vaults:2 | 32777 ||| FLEEEEING.
 32778 | Vaults:2 | 32778 ||| FLEEEEING.
 32779 | Vaults:2 | 32779 ||| FLEEEEING.
 32780 | Vaults:2 | 32780 ||| FLEEEEING.
 32781 | Vaults:2 | 32781 ||| FLEEEEING.
 32782 | Vaults:2 | 32782 ||| FLEEEEING.
 32783 | Vaults:2 | 32783 ||| FLEEEEING.
 32784 | Vaults:2 | 32784 ||| FLEEEEING.
 32785 | Vaults:2 | 32785 ||| FLEEEEING.
 32786 | Vaults:2 | 32786 ||| FLEEEEING.
 32790 | Vaults:2 | 32790 ||| STAIRDANCE
 32896 | Vaults:2 | 32896 ||| STAIRDANCE
 33130 | Vaults:2 | Reached skill level 18 in Ranged Weapons
 33331 | Vaults:2 | 33331 ||| Stepping ~*~*~tactically~*~*~ (outnumbered).
 33332 | Vaults:2 | 33332 ||| Stepping ~*~*~tactically~*~*~ (outnumbered).
 33335 | Vaults:2 | Identified the +0 robe "Icsaan" {rCorr} (Okawaru gifted it
                  | to you on level 2 of the Vaults)
 33335 | Vaults:2 | Received a gift from Okawaru
 33458 | Vaults:2 | 33458 ||| DRINKING potion of resistance.
 33480 | Vaults:2 | Reached ****** piety under Okawaru
 33511 | Vaults:2 | 33511 ||| INVOKING Heroism.
 33536 | Vaults:2 | Reached XP level 19. HP: 180/193 MP: 25/25
 33582 | Vaults:2 | 33582 ||| INVOKING Heroism.
 33583 | Vaults:2 | 33583 ||| INVOKING Finesse.
 33826 | Vaults:2 | 33826 ||| INVOKING Heroism.
 33827 | Vaults:2 | 33827 ||| INVOKING Finesse.
 33902 | Vaults:2 | 33902 ||| INVOKING Heroism.
 33998 | Vaults:2 | 33998 ||| INVOKING Heroism.
 34072 | Vaults:2 | 34072 ||| INVOKING Heroism.
 34073 | Vaults:2 | 34073 ||| INVOKING Finesse.
 34109 | Vaults:2 | Found a gateway to a bazaar.
 34110 | Vaults:2 | 34110 ||| PLANNING BAZAAR
 34113 | Bazaar   | Entered a bazaar
 34127 | Bazaar   | Found Muengenu's Distillery.
 34132 | Bazaar   | 34132 ||| BUYING potion of curing (30 gold).
 34132 | Bazaar   | Bought a potion of curing for 30 gold pieces
 34132 | Bazaar   | 34132 ||| BUYING potion of curing (30 gold).
 34132 | Bazaar   | Bought a potion of curing for 30 gold pieces
 34132 | Bazaar   | 34132 ||| BUYING potion of heal wounds (50 gold).
 34132 | Bazaar   | Bought a potion of heal wounds for 50 gold pieces
 34132 | Bazaar   | 34132 ||| BUYING potion of might (40 gold).
 34132 | Bazaar   | Bought a potion of might for 40 gold pieces
 34132 | Bazaar   | 34132 ||| BUYING potion of mutation (80 gold).
 34132 | Bazaar   | Bought a potion of mutation for 80 gold pieces
 34143 | Bazaar   | Found Keis's Antique Weapon Emporium.
 34143 | Bazaar   | Found Qohozxum's Magic Scroll Shoppe.
 34148 | Bazaar   | 34148 ||| BUYING scroll of enchant weapon (82 gold).
 34148 | Bazaar   | Bought a scroll of enchant weapon for 82 gold pieces
 34148 | Bazaar   | 34148 ||| READING scroll of enchant weapon.
 34148 | Bazaar   | 34148 ||| ENCHANTING +2 heavy longbow.
 34179 | Bazaar   | Found Haqeevvy's Armour Emporium.
 34179 | Bazaar   | Found Purauxa's Book Shoppe.
 34190 | Bazaar   | 34190 ||| BUYING +3 leather armour of fire resistance (240
                  | gold).
 34190 | Bazaar   | Bought a +3 leather armour of fire resistance for 240 gold
                  | pieces
 34210 | Vaults:2 | 34210 ||| PLANNING VAULTS:1-4
 34495 | Vaults:3 | 34495 ||| INVOKING Heroism.
 34496 | Vaults:3 | 34496 ||| INVOKING Finesse.
 34621 | Vaults:3 | 34621 ||| Stepping ~*~*~tactically~*~*~ (outnumbered).
 34770 | Vaults:3 | 34770 ||| READING 2 scrolls of enchant weapon.
 34770 | Vaults:3 | 34770 ||| ENCHANTING +3 heavy longbow.
 34771 | Vaults:3 | 34771 ||| READING scroll of enchant weapon.
 34771 | Vaults:3 | 34771 ||| ENCHANTING +4 heavy longbow.
 35063 | Vaults:3 | 35063 ||| INVOKING Heroism.
 35064 | Vaults:3 | 35064 ||| INVOKING Finesse.
 35128 | Vaults:3 | Identified the +2 scale mail of the Fiddle {rElec rN+
                  | Str-3}
 35391 | Vaults:3 | 35391 ||| DROPPING ring of positive energy.
 35450 | Vaults:4 | 35450 ||| DRINKING 24 potions of curing.
 35450 | Vaults:4 | 35450 ||| (to cure bad poison)
 35484 | Vaults:4 | Received a gift from Okawaru
 35515 | Vaults:4 | 35515 ||| INVOKING Heroism.
 35516 | Vaults:4 | 35516 ||| INVOKING Finesse.
 35521 | Vaults:4 | Reached skill level 12 in Armour
 35583 | Vaults:4 | 35583 ||| INVOKING Heroism.
 35584 | Vaults:4 | 35584 ||| INVOKING Finesse.
 35685 | Vaults:4 | 35685 ||| INVOKING Heroism.
 35696 | Vaults:4 | Reached skill level 23 in Fighting
 36047 | Vaults:4 | 36047 ||| INVOKING Heroism.
 36130 | Vaults:4 | Found Umpir's Jewellery Shop.
 36134 | Vaults:4 | 36134 ||| SHOPLISTING +4 ring of protection (576 gold, have
                  | 444).
 36134 | Vaults:4 | 36134 ||| SHOPLISTING +4 ring of slaying (1248 gold, have
                  | 444).
 36134 | Vaults:4 | 36134 ||| BUYING ring of willpower (400 gold).
 36134 | Vaults:4 | Bought a ring of willpower for 400 gold pieces
 36204 | Vaults:4 | 36204 ||| Stepping ~*~*~tactically~*~*~ (outnumbered).
 36261 | Vaults:4 | 36261 ||| FLEEEEING.
 36262 | Vaults:4 | 36262 ||| FLEEEEING.
 36263 | Vaults:4 | 36263 ||| FLEEEEING.
 36264 | Vaults:4 | 36264 ||| FLEEEEING.
 36265 | Vaults:4 | 36265 ||| FLEEEEING.
 36266 | Vaults:4 | 36266 ||| FLEEEEING.
 36267 | Vaults:4 | 36267 ||| FLEEEEING.
 36269 | Vaults:4 | 36269 ||| FLEEEEING.
 36270 | Vaults:4 | 36270 ||| FLEEEEING.
 36271 | Vaults:4 | 36271 ||| FLEEEEING.
 36272 | Vaults:4 | 36272 ||| FLEEEEING.
 36273 | Vaults:4 | 36273 ||| FLEEEEING.
 36274 | Vaults:4 | 36274 ||| FLEEEEING.
 36275 | Vaults:4 | 36275 ||| FLEEEEING.
 36276 | Vaults:4 | 36276 ||| FLEEEEING.
 36464 | Vaults:4 | 36464 ||| FLEEEEING.
 36465 | Vaults:4 | 36465 ||| FLEEEEING.
 36467 | Vaults:4 | 36467 ||| FLEEEEING.
 36468 | Vaults:4 | 36468 ||| FLEEEEING.
 36474 | Vaults:4 | 36474 ||| FLEEEEING.
 36475 | Vaults:4 | 36475 ||| FLEEEEING.
 36476 | Vaults:4 | 36476 ||| FLEEEEING.
 36482 | Vaults:4 | 36482 ||| FLEEEEING.
 36483 | Vaults:4 | 36483 ||| FLEEEEING.
 36484 | Vaults:4 | 36484 ||| FLEEEEING.
 36485 | Vaults:4 | 36485 ||| FLEEEEING.
 36486 | Vaults:4 | 36486 ||| FLEEEEING.
 36487 | Vaults:4 | 36487 ||| FLEEEEING.
 36488 | Vaults:4 | 36488 ||| FLEEEEING.
 36500 | Vaults:4 | 36500 ||| FLEEEEING.
 36501 | Vaults:4 | 36501 ||| FLEEEEING.
 36502 | Vaults:4 | 36502 ||| FLEEEEING.
 36552 | Vaults:4 | 36552 ||| FLEEEEING.
 36558 | Vaults:4 | 36558 ||| FLEEEEING.
 36563 | Vaults:4 | 36563 ||| FLEEEEING.
 36564 | Vaults:4 | 36564 ||| FLEEEEING.
 36565 | Vaults:4 | 36565 ||| FLEEEEING.
 36566 | Vaults:4 | 36566 ||| FLEEEEING.
 36567 | Vaults:4 | 36567 ||| FLEEEEING.
 36956 | Vaults:4 | 36956 ||| PLANNING SPIDER:4
 37356 | Spider:4 | Entered Level 4 of the Spider Nest
 37357 | Spider:4 | 37357 ||| INVOKING Heroism.
 37398 | Spider:4 | 37398 ||| DRINKING 2 potions of resistance.
 37408 | Spider:4 | 37408 ||| Stepping randomly (disturbance).
 37413 | Spider:4 | 37413 ||| Stepping randomly (disturbance).
 37571 | Spider:4 | 37571 ||| INVOKING Finesse.
 37608 | Spider:4 | Noticed Asterion
 37609 | Spider:4 | 37609 ||| INVOKING Heroism.
 37613 | Spider:4 | Killed Asterion
 37736 | Spider:4 | 37736 ||| INVOKING Heroism.
 37741 | Spider:4 | Reached skill level 24 in Fighting
 37741 | Spider:4 | 37741 ||| INVOKING Finesse.
 37745 | Spider:4 | HP: 45/198 [meliai/divine providence (11)]
 37746 | Spider:4 | 37746 ||| READING 14 scrolls of teleportation.
 37747 | Spider:4 | 37747 ||| DRINKING 13 potions of heal wounds.
 37748 | Spider:4 | 37748 ||| DRINKING 12 potions of heal wounds.
 37965 | Spider:4 | Reached XP level 20. HP: 206/206 MP: 26/26
 38006 | Spider:4 | Found a runed translucent door.
 38090 | Spider:4 | 38090 ||| DRINKING potion of resistance.
 38115 | Spider:4 | Got a gossamer rune of Zot
 38284 | Spider:4 | Noticed qw's ghost (adept GrHs)
 38286 | Spider:4 | 38286 ||| PLANNING DEPTHS
 38286 | Spider:4 | 38286 ||| UPGRADING to scarf of repulsion.
 38296 | Spider:4 | 38296 ||| UPGRADING to scarf of resistance.
 38306 | Spider:4 | 38306 ||| DROPPING scarf of repulsion.
 38307 | Spider:4 | 38307 ||| UPGRADING to +1 hat of see invisible.
 38312 | Spider:4 | 38312 ||| READING 9 scrolls of enchant armour.
 38312 | Spider:4 | 38312 ||| ENCHANTING +1 hat of see invisible.
 38650 | Depths:1 | Entered Level 1 of the Depths
 38665 | Depths:1 | Identified the +1 hat "Polateung" {rC+++} (Okawaru gifted
                  | it to you on level 1 of the Depths)
 38665 | Depths:1 | Received a gift from Okawaru
 38704 | Depths:1 | 38704 ||| Stepping ~*~*~tactically~*~*~ (outnumbered).
 38709 | Depths:1 | 38709 ||| Stepping ~*~*~tactically~*~*~ (outnumbered).
 38757 | Depths:1 | 38757 ||| INVOKING Heroism.
 38758 | Depths:1 | 38758 ||| INVOKING Finesse.
 38892 | Depths:1 | 38892 ||| INVOKING Heroism.
 38893 | Depths:1 | 38893 ||| INVOKING Finesse.
 38894 | Depths:1 | 38894 ||| INVOKING Finesse.
 38951 | Depths:1 | 38951 ||| INVOKING Heroism.
 38966 | Depths:1 | 38966 ||| Stepping ~*~*~tactically~*~*~ (outnumbered).
 38968 | Depths:1 | 38968 ||| Stepping ~*~*~tactically~*~*~ (outnumbered).
 38970 | Depths:1 | 38970 ||| Stepping ~*~*~tactically~*~*~ (outnumbered).
 38972 | Depths:1 | 38972 ||| Stepping ~*~*~tactically~*~*~ (outnumbered).
 38974 | Depths:1 | 38974 ||| Stepping ~*~*~tactically~*~*~ (outnumbered).
 38978 | Depths:1 | Reached skill level 25 in Fighting
 39002 | Depths:1 | 39002 ||| Stepping ~*~*~tactically~*~*~ (outnumbered).
 39011 | Depths:1 | 39011 ||| INVOKING Heroism.
 39013 | Depths:1 | 39013 ||| Stepping ~*~*~tactically~*~*~ (cloud).
 39201 | Depths:1 | 39201 ||| Stepping ~*~*~tactically~*~*~ (outnumbered).
 39203 | Depths:1 | 39203 ||| Stepping ~*~*~tactically~*~*~ (outnumbered).
 39205 | Depths:1 | 39205 ||| Stepping ~*~*~tactically~*~*~ (outnumbered).
 39207 | Depths:1 | 39207 ||| Stepping ~*~*~tactically~*~*~ (outnumbered).
 39209 | Depths:1 | 39209 ||| Stepping ~*~*~tactically~*~*~ (outnumbered).
 39211 | Depths:1 | 39211 ||| Stepping ~*~*~tactically~*~*~ (outnumbered).
 39217 | Depths:1 | 39217 ||| Stepping ~*~*~tactically~*~*~ (outnumbered).
 39222 | Depths:1 | 39222 ||| Stepping ~*~*~tactically~*~*~ (outnumbered).
 39224 | Depths:1 | 39224 ||| INVOKING Heroism.
 39226 | Depths:1 | 39226 ||| Stepping ~*~*~tactically~*~*~ (outnumbered).
 39231 | Depths:1 | HP: 44/211 [ettin/+0 dire flail (30)]
 39232 | Depths:1 | 39232 ||| READING 13 scrolls of teleportation.
 39232 | Depths:1 | HP: 15/211 [ettin/+0 dire flail (30)]
 39233 | Depths:1 | 39233 ||| DRINKING 13 potions of heal wounds.
 39234 | Depths:1 | 39234 ||| DRINKING 12 potions of heal wounds.
 39433 | Depths:1 | Found Juavusil's Antique Armour Shop.
 39441 | Depths:1 | 39441 ||| SHOPLISTING pair of dazzling gloves (294 gold,
                  | have 181).
 39441 | Depths:1 | 39441 ||| BUYING pair of gloves (139 gold).
 39441 | Depths:1 | Bought a pair of gloves for 139 gold pieces
 39441 | Depths:1 | 39441 ||| SHOPLISTING runed scarf (248 gold, have 42).
 39493 | Depths:1 | Found a gateway to Hell.
 39494 | Depths:1 | 39494 ||| Stepping ~*~*~tactically~*~*~ (outnumbered).
 39495 | Depths:1 | 39495 ||| INVOKING Heroism.
 39497 | Depths:1 | 39497 ||| Stepping ~*~*~tactically~*~*~ (outnumbered).
 39549 | Depths:1 | 39549 ||| INVOKING Heroism.
 39604 | Depths:1 | 39604 ||| INVOKING Heroism.
 39944 | Depths:1 | 39944 ||| INVOKING Heroism.
 39946 | Depths:1 | Reached skill level 26 in Fighting
 40159 | Depths:1 | 40159 ||| UPGRADING to +0 pair of gloves.
 40164 | Depths:1 | 40164 ||| READING 8 scrolls of enchant armour.
 40164 | Depths:1 | 40164 ||| ENCHANTING +0 pair of gloves.
 40165 | Depths:1 | 40165 ||| READING 7 scrolls of enchant armour.
 40165 | Depths:1 | 40165 ||| ENCHANTING +1 pair of gloves.
 40210 | Depths:2 | 40210 ||| INVOKING Heroism.
 40216 | Depths:2 | Paralysed by a floating eye for 2 turns
 40222 | Depths:2 | Paralysed by a floating eye for 2 turns
 40223 | Depths:2 | HP: 52/213 [cyan ugly thing (16)]
 40224 | Depths:2 | 40224 ||| STAIRDANCE
 40226 | Depths:1 | 40226 ||| READING 12 scrolls of teleportation.
 40227 | Depths:1 | 40227 ||| DRINKING 11 potions of heal wounds.
 40228 | Depths:1 | 40228 ||| DRINKING 10 potions of heal wounds.
 40229 | Depths:1 | 40229 ||| DRINKING 9 potions of heal wounds.
 40346 | Depths:2 | 40346 ||| Stepping ~*~*~tactically~*~*~ (outnumbered).
 40347 | Depths:2 | 40347 ||| INVOKING Heroism.
 40358 | Depths:2 | Received a gift from Okawaru
 40398 | Depths:2 | Found Louscheg's Jewellery Boutique.
 40401 | Depths:2 | Found Woqug's Book Emporium.
 40402 | Depths:2 | Found Biolatod's Jewellery Boutique.
 40408 | Depths:2 | 40408 ||| SHOPLISTING +5 ring of evasion (648 gold, have
                  | 145).
 40408 | Depths:2 | 40408 ||| SHOPLISTING +6 ring of dexterity (648 gold, have
                  | 145).
 40408 | Depths:2 | 40408 ||| SHOPLISTING ring "Cojiewuf" {+Blink rPois SInv}
                  | (687 gold, have 145).
 40408 | Depths:2 | 40408 ||| SHOPLISTING ring of protection from fire (450
                  | gold, have 145).
 40412 | Depths:2 | 40412 ||| SHOPLISTING +4 ring of protection (864 gold, have
                  | 145).
 40453 | Depths:2 | 40453 ||| FLEEEEING.
 40454 | Depths:2 | 40454 ||| FLEEEEING.
 40455 | Depths:2 | 40455 ||| FLEEEEING.
 40456 | Depths:2 | 40456 ||| STAIRDANCE
 40513 | Depths:2 | Found a sacrificial altar of Ru.
 40558 | Depths:2 | Lost mutation: You possess an exceptional clarity of mind.
                  | [mutagenic glow]
 40615 | Depths:2 | 40615 ||| INVOKING Heroism.
 40704 | Depths:2 | 40704 ||| INVOKING Heroism.
 40781 | Depths:2 | Found a one-way gate leading to the halls of Pandemonium.
 40807 | Depths:2 | 40807 ||| INVOKING Heroism.
 40812 | Depths:2 | Reached skill level 15 in Armour
 40853 | Depths:2 | 40853 ||| Stepping ~*~*~tactically~*~*~ (outnumbered).
 40855 | Depths:2 | 40855 ||| Stepping ~*~*~tactically~*~*~ (outnumbered).
 40892 | Depths:2 | Found a burning altar of Makhleb.
 40913 | Depths:2 | Noticed a juggernaut
 40914 | Depths:2 | 40914 ||| INVOKING Heroism.
 40915 | Depths:2 | Noticed a juggernaut
 40918 | Depths:2 | Killed a juggernaut
 40924 | Depths:2 | Killed a juggernaut
 40945 | Depths:2 | 40945 ||| INVOKING Finesse.
 40950 | Depths:2 | HP: 35/214 [disintegration (113)]
 41060 | Depths:2 | 41060 ||| FLEEEEING.
 41061 | Depths:2 | 41061 ||| FLEEEEING.
 41063 | Depths:2 | Noticed a juggernaut
 41064 | Depths:2 | 41064 ||| INVOKING Heroism.
 41071 | Depths:2 | Killed a juggernaut
 41072 | Depths:2 | Reached XP level 21. HP: 206/222 MP: 25/27
 41115 | Depths:2 | Identified the amulet of the Open Hand {Regen+ Int+4
                  | Slay+3}
 41118 | Depths:2 | Identified the amulet "Seuf" {Acrobat rPois rC- rN+}
 41121 | Depths:2 | 41121 ||| INVOKING Heroism.
 41135 | Depths:2 | Identified the ring of Amelioration {rN+ EV+5 Int+6 Dex-3}
 41138 | Depths:2 | Identified the ring of Ywnaopsa {Ice Str+6 Slay+3}
 41270 | Depths:2 | 41270 ||| INVOKING Heroism.
 41414 | Depths:2 | 41414 ||| DROPPING amulet of reflection.
 41415 | Depths:2 | 41415 ||| DROPPING amulet "Wuqiuwk" {RegenMP rElec rPois
                  | rC+ Int+2}.
 41416 | Depths:2 | 41416 ||| DROPPING amulet of magic regeneration.
 41417 | Depths:2 | 41417 ||| DROPPING amulet "Seuf" {Acrobat rPois rC- rN+}.
 41418 | Depths:2 | 41418 ||| DROPPING +6 ring of strength.
 41419 | Depths:2 | 41419 ||| DROPPING ring of poison resistance.
 41507 | Depths:3 | 41507 ||| INVOKING Heroism.
 41618 | Depths:3 | 41618 ||| Stepping ~*~*~tactically~*~*~ (outnumbered).
 41670 | Depths:3 | Reached skill level 27 in Fighting
 41687 | Depths:3 | 41687 ||| INVOKING Heroism.
 41688 | Depths:3 | 41688 ||| INVOKING Finesse.
 41800 | Depths:3 | 41800 ||| INVOKING Heroism.
 41845 | Depths:3 | 41845 ||| INVOKING Heroism.
 41935 | Depths:3 | Identified the +7 orcbow "Mouckapu" {heavy, rF+ Will+
                  | Str+3}
 42021 | Depths:3 | 42021 ||| INVOKING Heroism.
 42022 | Depths:3 | 42022 ||| INVOKING Finesse.
 42114 | Depths:3 | 42114 ||| Stepping ~*~*~tactically~*~*~ (outnumbered).
 42116 | Depths:3 | 42116 ||| Stepping ~*~*~tactically~*~*~ (outnumbered).
 42216 | Depths:3 | Paralysed by a floating eye for 2 turns
 42229 | Depths:3 | Identified the +5 orcbow of Vanity {freeze, *Slow rF- rN+++
                  | Dex+7}
 42238 | Depths:3 | Found a one-way gate to the infinite horrors of the Abyss.
 42274 | Depths:4 | Entered Level 4 of the Depths
 42377 | Depths:4 | Noticed a golden dragon
 42378 | Depths:4 | 42378 ||| Stepping ~*~*~tactically~*~*~ (outnumbered).
 42380 | Depths:4 | 42380 ||| Stepping ~*~*~tactically~*~*~ (outnumbered).
 42383 | Depths:4 | 42383 ||| INVOKING Heroism.
 42385 | Depths:4 | 42385 ||| INVOKING Finesse.
 42398 | Depths:4 | Killed a golden dragon
 42403 | Depths:4 | 42403 ||| Stepping ~*~*~tactically~*~*~ (cloud).
 42481 | Depths:4 | Found a gate to the Realm of Zot.
 42521 | Depths:4 | Found a one-way gateway to a ziggurat.
 42531 | Depths:4 | 42531 ||| INVOKING Finesse.
 42584 | Depths:4 | 42584 ||| INVOKING Heroism.
 42605 | Depths:4 | Noticed a golden dragon
 42607 | Depths:4 | Killed a golden dragon
 42671 | Depths:4 | Noticed a golden dragon
 42672 | Depths:4 | 42672 ||| INVOKING Heroism.
 42673 | Depths:4 | 42673 ||| INVOKING Finesse.
 42685 | Depths:4 | Reached skill level 18 in Armour
 42690 | Depths:4 | Killed a golden dragon
 42996 | Depths:4 | 42996 ||| INVOKING Heroism.
 43165 | Depths:4 | Noticed a golden dragon
 43166 | Depths:4 | 43166 ||| Stepping ~*~*~tactically~*~*~ (outnumbered).
 43169 | Depths:4 | 43169 ||| Stepping ~*~*~tactically~*~*~ (outnumbered).
 43171 | Depths:4 | 43171 ||| Stepping ~*~*~tactically~*~*~ (outnumbered).
 43173 | Depths:4 | 43173 ||| Stepping ~*~*~tactically~*~*~ (outnumbered).
 43176 | Depths:4 | 43176 ||| INVOKING Heroism.
 43178 | Depths:4 | 43178 ||| INVOKING Finesse.
 43183 | Depths:4 | Killed a golden dragon
 43357 | Depths:4 | 43357 ||| Stepping ~*~*~tactically~*~*~ (outnumbered).
 43371 | Depths:4 | 43371 ||| INVOKING Heroism.
 43373 | Depths:4 | HP: 33/224 [red draconian scorcher/fireball (47)]
 43374 | Depths:4 | 43374 ||| READING 11 scrolls of teleportation.
 43375 | Depths:4 | 43375 ||| DRINKING 8 potions of heal wounds.
 43695 | Depths:4 | 43695 ||| PLANNING VAULTS:5
 43724 | Depths:2 | 43724 ||| INVOKING Heroism.
 44082 | Vaults:5 | Entered Level 5 of the Vaults
 44083 | Vaults:5 | 44083 ||| INVOKING Heroism.
 44084 | Vaults:5 | 44084 ||| INVOKING Finesse.
 44091 | Vaults:5 | 44091 ||| STAIRDANCE
 44094 | Vaults:4 | Reached skill level 21 in Ranged Weapons
 44192 | Vaults:5 | 44192 ||| STAIRDANCE
 44196 | Vaults:4 | 44196 ||| INVOKING Heroism.
 44202 | Vaults:4 | HP: 50/224 [vault guard/+0 war axe (18)]
 44203 | Vaults:4 | 44203 ||| READING 10 scrolls of teleportation.
 44204 | Vaults:4 | 44204 ||| DRINKING 7 potions of heal wounds.
 44205 | Vaults:4 | 44205 ||| DRINKING 6 potions of heal wounds.
 44206 | Vaults:4 | 44206 ||| DRINKING 5 potions of heal wounds.
 44358 | Vaults:4 | Reached XP level 22. HP: 232/233 MP: 29/29
 44375 | Vaults:5 | 44375 ||| STAIRDANCE
 44377 | Vaults:4 | 44377 ||| INVOKING Heroism.
 44378 | Vaults:4 | 44378 ||| INVOKING Finesse.
 44461 | Vaults:5 | 44461 ||| INVOKING Finesse.
 44466 | Vaults:5 | 44466 ||| INVOKING Heroism.
 44469 | Vaults:5 | 44469 ||| STAIRDANCE
 44475 | Vaults:4 | 44475 ||| DRINKING potion of cancellation.
 44550 | Vaults:5 | 44550 ||| INVOKING Heroism.
 44569 | Vaults:5 | Noticed a golden dragon
 44571 | Vaults:5 | 44571 ||| INVOKING Finesse.
 44576 | Vaults:5 | Killed a golden dragon
 44660 | Vaults:5 | 44660 ||| INVOKING Heroism.
 44663 | Vaults:5 | 44663 ||| Stepping ~*~*~tactically~*~*~ (outnumbered).
 44752 | Vaults:5 | 44752 ||| FLEEEEING.
 44753 | Vaults:5 | 44753 ||| FLEEEEING.
 44775 | Vaults:5 | 44775 ||| INVOKING Heroism.
 44848 | Vaults:5 | 44848 ||| INVOKING Heroism.
 44912 | Vaults:5 | 44912 ||| INVOKING Heroism.
 44937 | Vaults:5 | Noticed Margery
 44939 | Vaults:5 | 44939 ||| Stepping ~*~*~tactically~*~*~ (outnumbered).
 44940 | Vaults:5 | 44940 ||| Stepping ~*~*~tactically~*~*~ (outnumbered).
 44948 | Vaults:5 | 44948 ||| INVOKING Heroism.
 44951 | Vaults:5 | Killed Margery
 45013 | Vaults:5 | 45013 ||| READING scroll of enchant weapon.
 45013 | Vaults:5 | 45013 ||| ENCHANTING +5 heavy longbow.
 45065 | Vaults:5 | 45065 ||| FLEEEEING.
 45066 | Vaults:5 | 45066 ||| FLEEEEING.
 45067 | Vaults:5 | 45067 ||| FLEEEEING.
 45068 | Vaults:5 | 45068 ||| FLEEEEING.
 45072 | Vaults:5 | 45072 ||| FLEEEEING.
 45073 | Vaults:5 | 45073 ||| FLEEEEING.
 45074 | Vaults:5 | 45074 ||| FLEEEEING.
 45081 | Vaults:5 | 45081 ||| FLEEEEING.
 45082 | Vaults:5 | 45082 ||| FLEEEEING.
 45083 | Vaults:5 | 45083 ||| FLEEEEING.
 45084 | Vaults:5 | 45084 ||| FLEEEEING.
 45089 | Vaults:5 | 45089 ||| FLEEEEING.
 45091 | Vaults:5 | 45091 ||| FLEEEEING.
 45129 | Vaults:5 | 45129 ||| Stepping ~*~*~tactically~*~*~ (outnumbered).
 45131 | Vaults:5 | 45131 ||| Stepping ~*~*~tactically~*~*~ (outnumbered).
 45133 | Vaults:5 | 45133 ||| INVOKING Heroism.
 45201 | Vaults:5 | 45201 ||| INVOKING Heroism.
 45275 | Vaults:5 | 45275 ||| INVOKING Heroism.
 45336 | Vaults:5 | 45336 ||| INVOKING Heroism.
 45356 | Vaults:5 | Got a silver rune of Zot
 45399 | Vaults:5 | 45399 ||| INVOKING Heroism.
 45400 | Vaults:5 | 45400 ||| Stepping ~*~*~tactically~*~*~ (outnumbered).
 45408 | Vaults:5 | 45408 ||| Stepping ~*~*~tactically~*~*~ (outnumbered).
 45441 | Vaults:5 | Noticed an ancient lich
 45446 | Vaults:5 | 45446 ||| DRINKING potion of cancellation.
 45447 | Vaults:5 | HP: 52/233 [ancient lich/crystal spear (59)]
 45448 | Vaults:5 | 45448 ||| READING 10 scrolls of teleportation.
 45449 | Vaults:5 | 45449 ||| DRINKING 5 potions of heal wounds.
 45451 | Vaults:5 | 45451 ||| DRINKING 4 potions of heal wounds.
 45681 | Vaults:5 | 45681 ||| INVOKING Heroism.
 45698 | Vaults:5 | Identified the +10 war axe of Taqucw {flame, rF+ Int+4}
 45704 | Vaults:5 | Identified the ring "Ompaogak" {Fire Int+3 Dex+2}
 45839 | Vaults:5 | 45839 ||| INVOKING Heroism.
 45843 | Vaults:5 | Killed an ancient lich
 45886 | Vaults:5 | Identified the staff "Mimp" {rPois rC+ Ice}
 45961 | Vaults:5 | 45961 ||| INVOKING Heroism.
 46062 | Vaults:5 | 46062 ||| PLANNING SHOPPING SPREE
 46062 | Vaults:5 | 46062 ||| DROPPING +3 leather armour of fire resistance.
 46063 | Vaults:5 | 46063 ||| DROPPING ring of fire.
 46064 | Vaults:5 | 46064 ||| DROPPING ring of resist corrosion.
 46321 | Orc:2    | 46321 ||| BUYING potion of heal wounds (70 gold).
 46321 | Orc:2    | Bought a potion of heal wounds for 70 gold pieces
 46321 | Orc:2    | 46321 ||| BUYING potion of mutation (112 gold).
 46321 | Orc:2    | Bought a potion of mutation for 112 gold pieces
 46321 | Orc:2    | 46321 ||| BUYING scroll of brand weapon (133 gold).
 46321 | Orc:2    | Bought a scroll of brand weapon for 133 gold pieces
 46321 | Orc:2    | 46321 ||| BUYING scroll of enchant armour (105 gold).
 46321 | Orc:2    | Bought a scroll of enchant armour for 105 gold pieces
 46541 | Depths:1 | 46541 ||| BUYING pair of dazzling gloves (294 gold).
 46541 | Depths:1 | Bought a pair of dazzling gloves for 294 gold pieces
 46541 | Depths:1 | Identified the -1 pair of gloves of Ceabe {+Inv} (You
                  | bought it in a shop on level 1 of the Depths)
 46541 | Depths:1 | 46541 ||| BUYING runed scarf (248 gold).
 46541 | Depths:1 | Bought a runed scarf for 248 gold pieces
 46543 | Depths:1 | 46543 ||| DROPPING -1 pair of gloves of Ceabe {+Inv}.
 46561 | Depths:1 | 46561 ||| DROPPING scarf of repulsion.
 46599 | Depths:2 | 46599 ||| BUYING +5 ring of evasion (648 gold).
 46599 | Depths:2 | Bought a +5 ring of evasion for 648 gold pieces
 46599 | Depths:2 | 46599 ||| DROPPING ring of willpower.
 46600 | Depths:2 | 46600 ||| UPGRADING to +5 ring of evasion.
 46602 | Depths:2 | 46602 ||| DROPPING ring of protection from cold.
 46603 | Depths:2 | 46603 ||| DROPPING ring of see invisible.
 46604 | Depths:2 | 46604 ||| DROPPING ring of Amelioration {rN+ EV+5 Int+6
                  | Dex-3}.
 46605 | Depths:2 | 46605 ||| CLEARING SHOPPING LIST
 46605 | Depths:2 | 46605 ||| PLANNING ZOT:1-4
 46725 | Zot:1    | Entered Level 1 of the Realm of Zot
 46725 | Zot:1    | Noticed an orb of fire
 46725 | Zot:1    | Noticed a curse toe
 46726 | Zot:1    | 46726 ||| INVOKING Heroism.
 46727 | Zot:1    | Gained mutation: You occasionally lose the ability to read
                  | scrolls when taking damage. [an orb of fire]
 46732 | Zot:1    | 46732 ||| STAIRDANCE
 46733 | Zot:1    | HP: 50/233 [??? (47)]
 46734 | Zot:1    | 46734 ||| DRINKING 25 potions of curing.
 46734 | Zot:1    | 46734 ||| (to cure confusion)
 46735 | Zot:1    | 46735 ||| DRINKING 24 potions of curing.
 46735 | Zot:1    | 46735 ||| (to cure confusion)
 46736 | Zot:1    | 46736 ||| STAIRDANCE
 46736 | Zot:1    | HP: 16/233 [??? (13)]
 46738 | Depths:4 | 46738 ||| DRINKING 4 potions of heal wounds.
 46739 | Depths:4 | 46739 ||| DRINKING 3 potions of heal wounds.
 46742 | Depths:4 | Killed a curse toe
 46742 | Depths:4 | HP: 42/233 [orb of fire/fireball (26)]
 46743 | Depths:4 | 46743 ||| DRINKING 2 potions of heal wounds.
 46744 | Depths:4 | 46744 ||| DRINKING potion of heal wounds.
 46746 | Depths:4 | HP: 7/233 [orb of fire/fireball (50)]
 46748 | Depths:4 | Killed from afar by an orb of fire

Levels and vault maps discovered:
D:1:      roderic_crop_circles_arrival_small, layout_basic,
          chequers_serial_rivers_small_a
D:2:      layout_basic, basic_altar
D:3:      layout_basic, nicolae_qazlal_general_emergency,
          nicolae_ecumenical_snake_handling, uniq_crazy_yiuf_cottage
D:4:      layout_cave_pools
D:5:      minmay_evil_eye, layout_basic, gammafunk_ghost_arena,
          cheibrodos_sewer_entry_sluice, minivault_26, minmay_crystal_room
D:6:      layout_cave_pools, general_overflow_altar, nicolae_ossuary_entry_giza,
          serial_shops, kennysheep_mini_moat
D:7:      layout_gridville, lemuel_tele_altar, temple_green, serial_shops,
          nicolae_square_shop, nicolae_shop_gadgets
D:8:      layout_basic, lemuel_mausoleum_altar_kikubaaqudgha,
          ebering_ghost_disaster_area, uniq_maurice, uniq_erica, uniq_pikel
D:9:      layout_loops_ring, lair_entry_dummy, serial_undead, serial_undead_a,
          serial_undead_d, serial_undead_d, serial_undead_b, serial_undead_b,
          serial_undead_a, serial_undead_e, serial_undead_d
D:10:     layout_basic, grunt_dithmenos_shadows, minitemple,
          kennysheep_orc_monster_closet_entryway, serial_shops, shop,
          hangedman_abyss_or_decor_stabs, minmay_misc_feat_encased
D:11:     minmay_ice_pillars, layout_gridville, gauntlet_entry_generic,
          serial_bayou_lake_a
D:12:     minmay_slanted_spiral_squares, layout_loops_ring
D:13:     layout_long_grid, wad_mini_maze, uniq_snorg
D:14:     hellmonk_ruined_rings, layout_cave_pools,
          skrybe_vaults_entry_preservation, serial_shops, shop, special_room
          [special_room_mythical_zoo]
D:15:     gammafunk_enter_depths_forms, layout_basic,
          nicolae_gozag_cash_rules_everything_around_me, uniq_azrael,
          uniq_rupert, uniq_kirke
Temple:   nicolae_temple_bog_church
Lair:1:   layout_gridlike, nicolae_lair_lil_pond, infiniplex_staircase_pool,
          grunt_megastairs_5, lemuel_fruit_tree
Lair:2:   layout_regular_city
Lair:3:   layout_regular_city, minmay_swamp_entry_reptiles, dummy_spider_entry,
          st_stairs_3, kennysheep_catoblepas_arena, grunt_megastairs_4
Lair:4:   layout_loops_ring, minmay_slime_entry_jelly_boxes,
          serial_bayou_pond_c, infiniplex_staircase_pool_2, lemuel_fruit_fields
Lair:5:   hangedman_lair_caniforms_friends, layout_hall_layers,
          hangedman_lair_tendril_chambers, enter_volcano_2
Swamp:1:  layout_basic_swamp, nicolae_swamp_fairy_circle, swamp_pool5
Swamp:2:  layout_falls_marsh, nicolae_swamp_tree_designs
Swamp:3:  layout_basic_swamp, nicolae_swamp_ascending_descending_big
Swamp:4:  swamp_icy, layout_basic_swamp, uniq_mara
Spider:1: layout_spider_delve, nicolae_spider_not_touching_you, uniq_donald,
          uniq_louise, uniq_josephine
Spider:2: layout_spider_delve
Spider:3: layout_spider_delve, hellmonk_ghost_happy_afterlife
Spider:4: hellmonk_spider_rune_bug_friends, ebering_ghost_reflecting_pool,
          nicolae_spider_eight_legs, uniq_asterion
Orc:1:    nicolae_orc_accident_3, layout_diamond_mine, uniq_fannar
Orc:2:    grunt_orc_cross, layout_caves, serial_shops, shop
Vaults:1: mu_enter_wizlab_6, nicolae_vaults_diagonal_hallway_7,
          hangedman_vaults_nails, nicolae_vaults_sightless_eye,
          vaults_room_pools, v_pattern_3, nicolae_vaults_turnstiles,
          nicolae_vaults_shelves_hall, layout_vaults_omnigrid
Vaults:2: v_alt_pattern_4, grunt_vaults_hallway_short,
          minmay_crypt_entry_simple_box, v_pattern_1,
          nicolae_vaults_circle_grid_a, nicolae_vaults_doubleplus_tesselated,
          hangedman_vaults_hat, nicolae_vaults_off_center_swirl,
          vaults_room_fours, nicolae_vaults_house_1, vaults_mumra_lcd,
          nicolae_vaults_cochlea, hangedman_vaults_stretched_pinwheel,
          vaults_dpeg_diagonal, vaults_room_pool, layout_vaults_ring,
          serial_shops, statue_bzr
Vaults:3: nicolae_vaults_closet_pinwheel_2, ontoclasm_vaults_ring_small,
          vaults_room_pools, vaults_dpeg_spiral, v_rooms_3, v_misc_11,
          vaults_standard_mumra_lines, nicolae_vaults_security_offices_2,
          nicolae_vaults_apartment_1, layout_vaults_maze_snakey
Vaults:4: nicolae_vaults_tetromino_L_2, vaults_room_ringed_pool,
          nicolae_vaults_tangram_2, ontoclasm_vaults_claustrophobia,
          hangedman_vaults_locks, st_cross, nicolae_vaults_circle_grid_b,
          vaults_standard_mumra_enter_the_diamond, v_pattern_4,
          nicolae_vaults_heart-shaped_vault, v_misc_18, v_misc_16,
          dpeg_vaults_monster_box, nicolae_vaults_trapezoid_lopsided_2,
          v_misc_8, vaults_room_hallway, layout_vaults_omnibox, serial_shops,
          nicolae_shop_gaudy_bauble
Vaults:5: uniq_margery
Depths:1: layout_basic, serial_shops, nicolae_shop_trees,
          marbit_kobold_abyss_entry, nicolae_the_louvre, grunt_hell_horde,
          minmay_stone_trees_large, hex_intersection,
          minmay_fractal_squares_diagonal_5
Depths:2: minmay_the_grid_triangle_9x9_recursive_3_mashed
          [minmay_the_grid_triangle_9x9_minimal,
          minmay_the_grid_triangle_9x9_corrupted_corridor,
          minmay_the_grid_triangle_9x9_intruding_spiral,
          minmay_the_grid_triangle_9x9_prize_special,
          minmay_the_grid_triangle_9x9_longest,
          minmay_the_grid_triangle_9x9_limited_checkers,
          minmay_the_grid_triangle_9x9_shrine,
          minmay_the_grid_triangle_9x9_odd_lines,
          minmay_the_grid_triangle_9x9_stretched_checkered], layout_cave_pools,
          hell_entry, nicolae_ru_awakened_eye, rand_demon_pan_entry_4,
          firewood_loft, minmay_staircase_bubble, minmay_shop_grove,
          serial_bayou_shore_a
Depths:3: minmay_box_of_statues, layout_twisted_cross, hell_entry,
          abyss_entry_glasseish, hangedman_abyss_or_decor_passed
Depths:4: grunt_zot_entry_pinwheel, layout_gridlike, enter_ziggurat_f,
          hell_entry, serial_rivers, chequers_serial_rivers_marsh,
          chequers_serial_rivers_small_a, chequers_serial_rivers_micro_b,
          chequers_serial_rivers_micro_a, rand_demon_pan_entry_8,
          hangedman_decor_growths
Zot:1:    layout_misc_corridors, amethyst_zot_foddershock, uniq_tiamat

Skill      XL: |  1  2  3  4  5  6  7  8  9 10 11 12 13 14 15 16 17 18 19 20 21 22 |
---------------+-------------------------------------------------------------------+-----
Ranged Weapons | 3 4 5 6 7 8 10 12 14 15 16 19 20 21 22 | 22.0
Fighting       | 2 3 4 5 7 8 10 11 15 18 19 20 22 24 26 27 | 27.0
Armour         | 1 2 3 4 6 7 8 9 13 15 18 20 | 20.8
Dodging        | 3 5 6 8 10 13 17 19 21 22 | 22.0
Invocations    | 2 4 8 10 11 | 11.3
Spellcasting   | |  1.0
Hexes          | |  2.0

Action                     |  1- 3 |  4- 6 |  7- 9 | 10-12 | 13-15 | 16-18 | 19-21 | 22-24 || total
---------------------------+-------+-------+-------+-------+-------+-------+-------+-------++-------
   Fire: Sling             |   133 |   101 |    90 |       |       |       |       |       ||   324
         Shortbow          |       |       |   144 |       |       |       |       |       ||   144
         Orcbow            |       |       |   144 |   532 |  1187 |  1001 |       |       ||  2864
         Longbow           |       |       |       |       |       |   202 |  1082 |   250 ||  1534
 Invoke: Heroism           |       |       |       |    17 |    28 |    35 |    46 |    17 ||   143
         Finesse           |       |       |       |       |     6 |    14 |    19 |     3 ||    42
    Use: Scroll            |     4 |     4 |     7 |     7 |    16 |     4 |    11 |     2 ||    55
         Potion            |     1 |       |     4 |     2 |     1 |     1 |    14 |    10 ||    33
 Armour: Robe              |     2 |       |       |       |       |       |       |       ||     2
         Leather armour    |    13 |       |       |       |    60 |    44 |       |       ||   117
         Ring mail         |     4 |    13 |    36 |    57 |    12 |     8 |    89 |    17 ||   236
  Dodge: Dodged            |    28 |    22 |    90 |   135 |   376 |   599 |   984 |   258 ||  2492
  Block: Other             |       |       |     7 |    44 |    94 |    17 |       |       ||   162
         Reflection        |       |       |     2 |       |     5 |       |       |       ||     7

Table legend:
 A = Non-vault XP
 B = Vault XP
 C = Vault XP percentage of total XP
 D = Non-vault monster count
 E = Vault monster count
 F = Vault count percentage of total count
                 A         B        C        D         E       F
            +---------+---------+-------+---------+---------+-------
      Total |  429270 |  356185 |  45.3 |    1060 |     704 |  39.9
            +---------+---------+-------+---------+---------+-------
        D:1 |      37 |       0 |   0.0 |      22 |       0 |   0.0
        D:2 |      34 |       0 |   0.0 |      16 |       0 |   0.0
        D:3 |      81 |      16 |  16.5 |      16 |       4 |  20.0
        D:4 |     461 |       0 |   0.0 |      19 |       0 |   0.0
        D:5 |     599 |     134 |  18.3 |      19 |       6 |  24.0
        D:6 |    1031 |      18 |   1.7 |      14 |       3 |  17.6
        D:7 |    1292 |       0 |   0.0 |      24 |       0 |   0.0
        D:8 |    1333 |    3049 |  69.6 |      17 |      15 |  46.9
        D:9 |    1491 |    3768 |  71.6 |      11 |      28 |  71.8
       D:10 |    2349 |    1764 |  42.9 |      25 |      21 |  45.7
       D:11 |    4997 |     529 |   9.6 |      18 |       4 |  18.2
       D:12 |    7232 |    6449 |  47.1 |      34 |      17 |  33.3
       D:13 |    5651 |    2419 |  30.0 |      17 |       3 |  15.0
       D:14 |    8999 |   10271 |  53.3 |      18 |      33 |  64.7
       D:15 |   13153 |   12296 |  48.3 |      28 |      24 |  46.2
     Lair:1 |    6839 |     616 |   8.3 |      29 |       4 |  12.1
     Lair:2 |    5103 |       0 |   0.0 |      18 |       0 |   0.0
     Lair:3 |    8720 |    4250 |  32.8 |      28 |      19 |  40.4
     Lair:4 |    7106 |     627 |   8.1 |      26 |      15 |  36.6
     Lair:5 |    7950 |   20132 |  71.7 |      28 |      94 |  77.0
    Swamp:1 |   15535 |       0 |   0.0 |      35 |       0 |   0.0
    Swamp:2 |   10626 |       0 |   0.0 |      21 |       0 |   0.0
    Swamp:3 |   12915 |       0 |   0.0 |      30 |       0 |   0.0
    Swamp:4 |    7565 |   11351 |  60.0 |      14 |      28 |  66.7
   Spider:1 |   24195 |    7262 |  23.1 |      74 |      11 |  12.9
   Spider:2 |   13290 |       0 |   0.0 |      40 |       0 |   0.0
   Spider:3 |   27405 |       0 |   0.0 |      55 |       0 |   0.0
   Spider:4 |   13385 |   18866 |  58.5 |      29 |      30 |  50.8
      Orc:1 |    4664 |    1626 |  25.9 |      45 |       7 |  13.5
      Orc:2 |    3720 |    7138 |  65.7 |      26 |      38 |  59.4
   Vaults:1 |   10797 |   19037 |  63.8 |      13 |      27 |  67.5
   Vaults:2 |   26062 |   24195 |  48.1 |      34 |      28 |  45.2
   Vaults:3 |   10713 |   12288 |  53.4 |      14 |      15 |  51.7
   Vaults:4 |   27237 |   33171 |  54.9 |      41 |      43 |  51.2
   Vaults:5 |   11235 |   68521 |  85.9 |      15 |      62 |  80.5
   Depths:1 |   30276 |   17516 |  36.7 |      41 |      18 |  30.5
   Depths:2 |   42063 |   24247 |  36.6 |      49 |      13 |  21.0
   Depths:3 |   28878 |   20098 |  41.0 |      33 |      21 |  38.9
   Depths:4 |   23247 |   22019 |  48.6 |      22 |      17 |  43.6
      Zot:1 |    1004 |       0 |   0.0 |       2 |       0 |   0.0
      Sewer |       0 |     218 | 100.0 |       0 |      11 | 100.0
    Ossuary |       0 |     278 | 100.0 |       0 |      38 | 100.0
   Gauntlet |       0 |    2016 | 100.0 |       0 |       7 | 100.0
            +---------+---------+-------+---------+---------+-------
